 Dungeon Crawl Stone Soup version 0.31-a0-473-g61b50ae490 (webtiles) character file.

Game seed: 5180331023219082042

13091325 Ofeo the Conqueror (level 27, 201/201 HPs)
             Began as an Octopode Shapeshifter on Aug 6, 2023.
             Was an Initiate of Gozag.
             Escaped with the Orb
             ... and 15 runes!
             The game lasted 04:34:18 (122947 turns).

Ofeo the Conqueror (Octopode Shapeshifter)        Turns: 122947, Time: 04:34:19

Health: 201/201    AC: 18    Str: 19 (20) XL:     27
Magic:  38/38      EV: 115   Int:  9      God:    Gozag
Gold:   14797      SH:  0    Dex: 62      Spells: 24/49 levels left

rFire   . .          .
                       - Unarmed
rCold   + . .        O - melded +8 tower shield of Agnosticism {Regen+}
rNeg    + . .        Y - melded +0 mask of the Dragon {Will+ Slay+3 SInv}
rPois   ∞            g - dreamshard necklace {Acrobat *Dream}
rElec   +            z - +6 ring of dexterity
rCorr   .            Q - ring of Aleunuf {rC+ rN+ Dex+6 Stlth-}
SInv    .            Z - +6 ring of dexterity
Will    ++...        c - ring of the Hare {EV+10}
Stlth   ++++         N - +6 ring of dexterity
HPRegen 0.53/turn    l - +6 ring of dexterity
MPRegen 0.26/turn    X - +6 ring of dexterity
                     R - +6 ring of dexterity

%: acrobat, clarity
@: storm-form, flying, studying Polearms
A: cleaving, insubstantial, flying, almost no armour, amphibious, 8 rings,
(camouflage 2), (gelatinous body 1), (nimble swimmer 1), (tentacles), clarity,
(cold resistance 1), deterioration 1, dopey 1, frail 1, teleportitis 2, subdued
magic 3, inability to drink after injury 2, inability to read after injury 2,
MP-powered wands
0: Orb of Zot
}: 15/15 runes: serpentine, barnacled, slimy, silver, golden, iron, obsidian,
icy, bone, abyssal, demonic, glowing, magical, fiery, dark
a: Blinkbolt, Begin Untransformation, Renounce Religion, Potion Petition, Call
Merchant, Bribe Branch


You escaped.
You worshipped Gozag.
Gozag was extremely pleased with you.
You were a lightning-filled tempest!
You visited 18 branches of the dungeon, and saw 88 of its levels.
You visited Pandemonium 3 times, and saw 26 of its levels.
You visited the Abyss 3 times.
You visited 1 ziggurat, and saw 10 of its levels.
You also visited: Sewer, Ice Cave and Wizlab.

You collected 61688 gold pieces.
You spent 13481 gold pieces at shops.
You paid 33410 gold pieces to Gozag.

Inventory:

Missiles
 y - 8 throwing nets
 B - 8 silver javelins
Armour
 O - the +8 tower shield of Agnosticism (melded) {Regen+}
   (You took it off a daeva in Pandemonium)

   Regen:     It increases your rate of health regeneration.
 P - the +6 tower shield "Beycs" {rN+ Dex+3 SInv}
   (You acquired it on level 2 of the Elven Halls)

   Dex:       It affects your dexterity (+3).
   rN:        It protects you from negative energy.
   SInv:      It lets you see invisible.
 Y - the +0 mask of the Dragon (melded) {Will+ Slay+3 SInv}
   (You bought it in a shop on level 2 of the Snake Pit)

   Slay:      It affects your accuracy & damage with ranged weapons and melee
   (+3).
   SInv:      It lets you see invisible.
   Will:      It increases your willpower.
Jewellery
 a - the ring of the Tortoise {AC+8}
   (You found it on level 3 of the Tomb of the Ancients)

   [ring of protection]

   AC:        It affects your AC (+8).
 c - the ring of the Hare (on tentacle) {EV+10}
   (You found it on level 15 of the Dungeon)

   [ring of evasion]

   EV:        It affects your evasion (+10).
 g - the dreamshard necklace (around neck) {Acrobat *Dream}
   (You bought it in a shop on level 15 of the Dungeon)

   [amulet of the acrobat]

   *Dream:    It absorbs a single lethal wound into itself, holding its wearer
   just short of death and releasing dream-creatures to guard them.
   It increases your evasion while moving and waiting.
 l - a +6 ring of dexterity (on tentacle)
 s - the brooch of Shielding {Spirit SH+8}
   (You found it on level 3 of the Tomb of the Ancients)

   [amulet of guardian spirit]

   It causes incoming damage to be divided between your reserves of health and
   magic.
   SH:        It affects your SH (+8).
 v - the ring "Lezxitoz" {Fire Fly Will++ rCorr}
   (You found it on level 15 of the Dungeon)

   [ring of fire]

   It enhances your fire magic.
   rF:        It protects you from fire.
   rC:        It makes you vulnerable to cold.
   Fly:       It grants you flight.
   rCorr:     It protects you from acid and corrosion.
   Will:      It greatly increases your willpower.
 z - a +6 ring of dexterity (left tentacle)
 G - a +6 ring of strength
 J - the amulet "Eruohaigh" {Rampage rElec Will+ Regen+}
   (You found it on level 5 of a ziggurat)

   [amulet of regeneration]

   rElec:     It insulates you from electricity.
   Regen:     It increases your rate of health regeneration.
   Rampage:   It bestows one free step when moving towards enemies.
   Will:      It increases your willpower.
 N - a +6 ring of dexterity (on tentacle)
 Q - the ring of Aleunuf (right tentacle) {rC+ rN+ Dex+6 Stlth-}
   (You took it off a yellow draconian on level 3 of the Realm of Zot)

   [ring of dexterity]

   Dex:       It affects your dexterity (+6).
   rC:        It protects you from cold.
   rN:        It protects you from negative energy.
   Stlth:     It makes you less stealthy.
 R - a +6 ring of dexterity (on tentacle)
 X - a +6 ring of dexterity (on tentacle)
 Z - a +6 ring of dexterity (on tentacle)
Talismans
 e - a talisman of death
 t - a granite talisman {AC: 46 EV: 93 SH: 43}
 M - a storm talisman (active)
Wands
 b - a wand of charming (108)
 I - a wand of digging (17) {@v1}
 K - a wand of roots (53)
 V - a wand of quicksilver (50)
Scrolls
 i - 7 scrolls of immolation
 j - 37 scrolls of teleportation {@r3}
 o - 4 scrolls of revelation
 p - 4 scrolls of butterflies
 x - 15 scrolls of amnesia
 D - 12 scrolls of fear
 F - 26 scrolls of fog
 U - 9 scrolls of blinking {@r4}
Potions
 d - 9 potions of ambrosia
 f - 6 potions of mutation
 h - 7 potions of heal wounds {@q2}
 k - 5 potions of berserk rage
 m - 7 potions of cancellation
 n - 11 potions of might {@q4}
 q - 42 potions of curing {@q1}
 r - 14 potions of enlightenment
 w - 23 potions of brilliance
 C - 10 potions of attraction
 H - 5 potions of magic
 L - 4 potions of haste {@q3}
 S - 5 potions of invisibility
 W - 10 potions of resistance {@q6}
Miscellaneous
 u - a phantom mirror
 A - a lightning rod (4/4)
 E - a box of beasts
 T - a tin of tremorstones (2/2)


   Skills:
 O Level 27 Fighting
 O Level 27 Dodging
 O Level 27 Stealth
 O Level 27 Shields
 O Level 27 Unarmed Combat
 - Level 11.7 Spellcasting
 - Level 14.0 Translocations
 - Level 8.0 Transmutations
 - Level 5.0 Air Magic
 + Level 24.0 Evocations
 O Level 27 Shapeshifting


You had 24 spell levels left.
You knew the following spells:

 Your Spells              Type           Power      Damage    Failure   Level
a - Yara's Violent Unrav  Hex/Tmut       3%         3d4       41%         5
b - Blink                 Tloc           32%        N/A       0%          2
c - Apportation           Tloc           32%        N/A       0%          1
d - Wereblood             Tmut           10%        N/A       1%          2
e - Lesser Beckoning      Tloc           32%        N/A       0%          2
f - Vhi's Electric Charg  Tloc/Air       22%        N/A       1%          3
g - Dispersal             Tloc           8%         N/A       2%          6
z - Manifold Assault      Tloc           16%        N/A       1%          4

Your spell library contained the following spells:

 Spells                   Type           Power      Damage    Failure   Level
 Gell's Gravitas          Tloc           16%        N/A       0%          3
 Teleport Other           Tloc           16%        N/A       0%          3
 Shock                    Conj/Air       20%        1d4       1%          1
 Sting                    Tmut/Pois      24%        1d4       1%          1
 Momentum Strike          Conj/Tloc      18%        3d8       1%          2
 Passwall                 Tmut/Erth      5%         N/A       1%          2
 Portal Projectile        Hex/Tloc       18%        N/A       1%          3
 Swiftness                Air            7%         N/A       1%          3
 Volatile Blastmotes      Fire/Tloc      18%        2d11      1%          3
 Passage of Golubria      Tloc           16%        N/A       1%          4
 Poisonous Vapours        Pois/Air       10%        N/A       3%          2
 Static Discharge         Conj/Air       10%        2-3/arc   3%          2
 Iskenderun's Mystic Bla  Conj/Tloc      9%         2d4       3%          4
 Cigotuvi's Dreadful Rot  Necr/Pois/Air  8%         N/A       4%          2
 Foxfire                  Conj/Fire      8%         2x1d4     6%          1
 Freeze                   Ice            8%         1d3       6%          1
 Magic Dart               Conj           8%         1d3       6%          1
 Necrotise                Necr           8%         1d4       6%          1
 Sandblast                Erth           4%         2d4       6%          1
 Slow                     Hex            8%         N/A       6%          1
 Summon Small Mammal      Summ           8%         N/A       6%          1
 Ignite Poison            Fire/Tmut/Pois 5%         N/A       6%          3
 Airstrike                Air            3%         2d(1-17)  9%          4
 Ensorcelled Hibernation  Hex/Ice        4%         N/A       11%         2
 Scorch                   Fire           4%         2d5       11%         2
 Searing Ray              Conj           4%         2d4       11%         2
 Mephitic Cloud           Conj/Pois/Air  4%         N/A       11%         3
 Summon Forest            Summ/Tloc      4%         N/A       11%         5
 Petrify                  Tmut/Erth      6%         N/A       14%         4
 Call Canine Familiar     Summ           2%         N/A       24%         3
 Frozen Ramparts          Ice            4%         1d1       24%         3
 Hailstorm                Conj/Ice       2%         3d3       24%         3
 Inner Flame              Hex/Fire       2%         N/A       24%         3
 Ozocubu's Armour         Ice            2%         N/A       24%         3
 Stone Arrow              Conj/Erth      4%         3d7       24%         3
 Summon Guardian Golem    Hex/Summ       2%         N/A       24%         3
 Tukima's Dance           Hex            2%         N/A       24%         3
 Summon Lightning Spire   Summ/Air       5%         N/A       28%         4
 Alistair's Intoxication  Tmut/Pois      4%         N/A       41%         5
 Irradiate                Conj/Tmut      3%         3d12      41%         5
 Anguish                  Hex/Necr       1%         N/A       65%         4
 Cause Fear               Hex            1%         N/A       65%         4
 Flame Wave               Conj/Fire      2%         2d4       65%         4
 Fulminant Prism          Conj/Hex       1%         3d5       65%         4
 Leda's Liquefaction      Hex/Erth       1%         N/A       65%         4
 Olgreb's Toxic Radiance  Pois           2%         N/A       65%         4
 Sticky Flame             Conj/Fire      2%         2d3       65%         4
 Summon Ice Beast         Ice/Summ       2%         N/A       65%         4
 Arcjolt                  Conj/Air       2%         1d12      65%         5
 Silence                  Hex/Air        2%         N/A       65%         5
 Freezing Cloud           Conj/Ice/Air   2%         6-21      77%         5
 Disjunction              Tloc           8%         N/A       89%         8
 Agony                    Necr           2%         N/A       95%         5
 Borgnjor's Vile Clutch   Necr/Erth      1%         N/A       95%         5
 Fireball                 Conj/Fire      1%         3d3       95%         5
 Iskenderun's Battlesphe  Conj           2%         2d6       95%         5
 Lee's Rapid Deconstruct  Erth           1%         3d4*      95%         5
 Metabolic Englaciation   Hex/Ice        1%         N/A       95%         5
 Eringya's Noxious Bog    Tmut/Pois      3%         4d6       96%         6
 Conjure Ball Lightning   Conj/Air       2%         3x3d6     99%         6
 Plasma Beam              Fire/Air       2%         2x1d12    99%         6
 Malign Gateway           Summ/Tloc      4%         N/A       99%         7
 Death Channel            Necr           1%         N/A       100%        6
 Leda's Unmaking          Conj/Erth      1%         9d1       100%        6
 Starburst                Conj/Fire      1%         6d3       100%        6
 Enfeeble                 Hex            1%         N/A       100%        7
 Haunt                    Necr/Summ      1%         N/A       100%        7
 Orb of Destruction       Conj           1%         9d5       100%        7
 Ozocubu's Refrigeration  Ice            1%         4d7       100%        7
 Spellforged Servitor     Conj/Summ      1%         N/A       100%        7
 Summon Hydra             Summ           1%         N/A       100%        7
 Ignition                 Fire           1%         3d3       100%        8
 Infestation              Necr           1%         N/A       100%        8
 Lehudib's Crystal Spear  Conj/Erth      1%         10d2      100%        8
 Summon Horrible Things   Summ           1%         N/A       100%        8
 Chain Lightning          Conj/Air       2%         3d3       100%        9
 Sublimation of Blood     Necr           Unusable   N/A       N/A         2
 Animate Armour           Summ/Erth      Unusable   N/A       N/A         4
 Animate Dead             Necr           Unusable   N/A       N/A         4
 Simulacrum               Ice/Necr       Unusable   N/A       N/A         6

Dungeon Overview and Level Annotations

Branches:
Dungeon (15/15)            Temple (1/1) D:4            Lair (5/5) D:8
 Shoals (4/4) Lair:2        Snake (4/4) Lair:3        Slime (5/5) Lair:4
    Orc (2/2) D:11            Elf (3/3) Orc:2        Vaults (5/5) D:14
  Crypt (3/3) Vaults:2       Tomb (3/3) Crypt:3      Depths (4/4) D:15
   Hell (visited)             Dis (7/7) Hell            Geh (7/7) Hell
    Coc (7/7) Hell            Tar (7/7) Hell            Zot (5/5) Depths:4
  Sewer (visited)           IceCv (visited)          WizLab (visited)

Altars:
Ashenzari
Cheibriados
Dithmenos
Elyvilon
Fedhas
Gozag
Hepliaklqana
Kikubaaqudgha
Makhleb
Nemelex Xobeh
Okawaru
Qazlal
Ru
Sif Muna
Trog
Uskayaw
Vehumet
Wu Jian
Xom
Yredelemnul
Zin
The Shining One
Jiyva

Shops:
D:5 (   D:10 *   D:15 =   Orc:2 [(=[!   Elf:1 (   Elf:2 (?*!=:=::   Lair:1 ?
Lair:4 !   Shoals:1 *   Shoals:4 *   Snake:1 =   Snake:2 **(   Vaults:1 *=(
Vaults:2 (*   Vaults:3 (   Crypt:3 =   Depths:2 ?:

Portals:
Hell: Depths:1 Depths:2 Depths:3 Depths:4
Abyss: Depths:2 Depths:3
Pandemonium: Depths:2 Depths:4

Annotations:
D:5 1 runed translucent door, lunkers's ghost, novice MeSh
D:8 exclusion: ugly thing
D:10 exclusion: obsidian statue
D:14 3 runed translucent doors, AwFulAwFulPlayer's ghost, journeyman DsCK
Lair:1 3 runed translucent doors, LeprechaunX's ghost, journeyman OpSh
Orc:2 1 runed translucent door, exclusion: 4 orange crystal statues
Elf:1 6 runed translucent doors
Crypt:2 2 transporters, exclusion: obsidian statue
Zot:4 4 transporters


Innate Abilities, Weirdness & Mutations

You are a lightning-filled tempest!
Your electrical attacks strike out in all directions at once.
You are incredibly evasive.
Your insubstantial body is immune to petrification, constriction, and being set on fire You are flying.
Your armour is entirely melded.
You are incapable of wielding weapons or throwing items.
You cannot wear most types of armour.
You are amphibious.
You can wear up to eight rings at the same time.
You are immune to poison.
((Your skin blends seamlessly with your surroundings (Stealth++).))
((Your rubbery body absorbs attacks. (AC +1, EV +1)))
((You are camouflaged when in or above water. (Stealth+)))
((You have tentacles for arms and can constrict up to eight enemies at once.))
You possess an exceptional clarity of mind.
((Your flesh is cold resistant. (rC+)))
Your body sometimes deteriorates upon taking damage.
You are dopey. (Int -2)
You are frail. (-10% HP)
You are often teleported next to monsters.
Your spells are much easier to cast, but much less powerful.
You sometimes lose the ability to drink potions when taking damage.
You sometimes lose the ability to read scrolls when taking damage.
You expend magic power (3 MP) to strengthen your wands.


Message History

A red devil comes into view. It is wielding a +0 trident.
You block the Orb Guardian's attack.
The red devil moves out of view.
You batter the Orb Guardian!!
You squeeze the Orb Guardian, but do no damage.
The Orb Guardian is moderately wounded.
You block the Orb Guardian's attack.
You thrash the Orb Guardian!!! Your squeeze misses the Orb Guardian.
The Orb Guardian is almost dead.
You block the Orb Guardian's attack.
You batter the Orb Guardian!!
You kill the Orb Guardian!
Your Evocations skill increases to level 24!
You see here 22 gold pieces.
You block the red devil's attack. You block the red devil's attack.
You see here 22 gold pieces.
You thrash the red devil!!!!
You kill the red devil!
You remove the ring "Lezxitoz" {Fire Fly Will++ rCorr}.
You float gracefully downwards.
You feel agile.
z - a +6 ring of dexterity (left tentacle)
You remove the ring of the Tortoise {AC+8}.
You feel agile.
l - a +6 ring of dexterity (on tentacle)
Okay, then.
You begin transforming.
You continue transforming. x3
You revert to your normal fleshy form.
HP restored.
You turn into a lightning-filled tempest!
The +0 mask of the Dragon {Will+ Slay+3 SInv} melds into your body.
The +8 tower shield of Agnosticism {Regen+} melds into your body.
You now have 201/201 hp.
You now have 14775 gold pieces (gained 7).
You see here a +0 trident.
You now have 14797 gold pieces (gained 22).
You see here a +0 trident.
There is a staircase leading out of the dungeon here.
Okay, then.
You have escaped!

......##.## #.#
##.##..# ......###.##
#.# ##.####.# ...>..#
##.## #.# ##.## ##.#
......# ##.## #.#
##.## #..# ##....#
##.###.###.## #.##
##.### ##.##.##.##
##.# #.# ##.#.#.##
#..# #.#
########.#.########.##
#.#
#......)#v#.......#.#
#.#
########.#.########.#
#.# ##.#.#.## #.#
###.## ##.##.##.##
#.## .....#
##.###.###.## #..#
####.# ##.## #.# ##.##
##.# #.## ##.## #.#
##.## #.# #..###.##
#.# ##.###.# ##....##
#.# ##..#.#


There were no monsters in sight!

Vanquished Creatures
  Cerebov (Pan)
  Antaeus (Coc:7)
  Asmodeus (Geh:7)
  the Royal Jelly (Slime:5)
  Dissolution (Slime:3)
  A seraph (Pan)
  Ereshkigal (Tar:7)
  Gloorx Vloq (Pan)
  the Serpent of Hell (Dis:7)
  Ignacio (Pan)
  Lom Lobon (Pan)
  Mnoleg (Pan)
  Dispater (Dis:7)
  7 dread liches
  8 orbs of fire
  8 ancient liches
  Mara (Shoals:3)
  4 juggernauts
  10 royal mummies
  Parghit (Depths:3)
  Boris (Vaults:3)
  9 pandemonium lords
  16 Killer Klowns
  16 shard shrikes
  Vashnia (Snake:3)
  Geryon (Hell)
  5 curse toes
  23 caustic shrikes
  22 profane servitors
  10 golden dragons
  Jory (Depths:3)
  2 pearl dragons (Pan)
  Norris (Depths:3)
  17 bone dragons
  Nikola (Shoals:2)
  5 electric golems
  11 doom hounds
  22 Brimstone Fiends
  6 iron giants
  17 hellephants
  18 Tzitzimimeh
  28 Ice Fiends
  Jorgrun (Orc:2)
  26 tentacled monstrosities
  24 Hell Sentinels
  32 Orb Guardians
  Mlioglotl (Shoals:2)
  A spectral shard shrike (Tar:3)
  Grunn (Zot:4)
  24 tainted leviathans
  17 liches
  A deep elf blademaster (Elf:3)
  15 titans
  3 deep elf master archers
  Asterion (Vaults:2)
  18 searing wretches
  7 quicksilver dragons
  Murray (Hell)
  12 sphinxes
  35 Executioners
  28 ancient champions
  2 krakens
  21 acid blobs
  13 storm dragons
  21 tentacled starspawn
  8 tengu reavers
  7 death cobs
  Polyphemus (Shoals:1)
  Kirke (Shoals:3)
  A shadow dragon (shapeshifter) (Zig:10)
  Agnes (D:14)
  9 shadow dragons
  Ilsuiw (Shoals:2)
  The ghost of Kidef the Severer, an adept FoFi of Okawaru (D:14)
  5 draconian monks
  34 daevas
  Roxanne (Elf:3)
  11 frost giants
  7 revenants
  5 narguns
  3 nagarajas
  10 iron dragons
  7 rockslimes
  21 fire giants
  6 azure jellies
  14 demonspawn warmongers
  3 ghost moths
  A spectral juggernaut (Tar:3)
  4 deep elf sorcerers (Elf:3)
  The ghost of Bekuax the Spear-Bearer, a journeyman DgVM (D:14)
  2 caustic shrike zombies
  16 draconian knights
  18 vault wardens
  14 draconian shifters
  6 deep elf elementalists
  4 draconian scorchers
  10 quicksilver elementals
  63 balrugs
  A spectral caustic shrike (Tar:6)
  16 ironbound preservers
  19 draconian stormcallers
  4 curse skulls
  18 ghouls
  12 demonspawn corrupters (Pan)
  35 angels (Pan)
  A formless jellyfish (shapeshifter) (Zig:10)
  2 orc warlords
  A juggernaut skeleton (Crypt:1)
  19 cacodemons
  9 draconian annihilators
  40 very ugly things
  17 ophanim
  9 shard shrike simulacra
  14 stone giants
  15 demonspawn blood saints
  12 quicksilver oozes
  5 formless jellyfish
  22 reapers
  6 vampire knights
  14 green draconians
  6 ironbound thunderhulks
  Nessos (Orc:2)
  13 black draconians
  34 apis (Pan)
  18 elemental wellsprings
  2 eleionomae (Zig:9)
  34 war gargoyles
  21 putrid mouths
  5 deep elf demonologists (Elf:3)
  16 bennus
  18 wendigos
  18 red draconians
  24 purple draconians
  13 lorocyprocas
  Azrael (Elf:2)
  10 deep elf annihilators
  2 spark wasps (Depths:3)
  14 dire elephants
  18 white draconians
  A spectral titan (Tar:3)
  A bunyip (Abyss:3)
  13 demonspawn black suns (Pan)
  20 yellow draconians
  9 eidola
  10 merfolk impalers
  17 green deaths
  23 mummy priests
  9 statues (WizLab)
  8 ettins
  2 crystal guardians (Vaults:4)
  15 iron golems
  A quicksilver dragon zombie (Tomb:3)
  7 deep elf death magi (Elf:3)
  A shambling mangrove (Zig:9)
  A spectral kraken (Tar:7)
  28 blizzard demons (Pan)
  3 spriggan zombies
  12 yaktaur captains
  7 deep elf high priests
  16 jiangshi
  Josephine (D:15)
  8 fire dragons
  5 merfolk javelineers
  An entropy weaver (Vaults:4)
  9 great orbs of eyes
  30 vault guards
  21 ice dragons
  4 spectral spriggans
  4 hydras
  10 rakshasas
  4 peacekeepers
  19 salamander tyrants
  16 ironbound frosthearts
  The ghost of Xytuag Dedu the Destroyer, a journeyman TeAE of Hepliaklqana (D:14)
  10 merfolk aquamancers
  2 spriggan skeletons (Tomb:3)
  3 hell beasts
  7 stokers
  8 anacondas
  6 caustic shrike simulacra
  2 catoblepae
  17 centaur warriors
  4 merfolk avatars
  7 spriggan air magi
  4 death knights
  6 two-headed ogres
  4 death yaks
  A spectral draconian (Tar:1)
  10 juggernaut simulacra
  19 naga warriors
  37 dancing weapons
  28 demonic crawlers
  3 alligator snapping turtles
  3 satyrs
  12 death scarabs
  An alligator (Zig:9)
  4 deep troll shamans
  A bennu skeleton (Crypt:2)
  A shock serpent (shapeshifter) (Abyss:4)
  7 tengu warriors
  3 boulder beetles
  3 deep troll earth magi
  5 shock serpents
  11 vampire magi
  14 thrashing horrors
  5 orc high priests
  7 spriggan berserkers
  16 deep elf knights
  38 hell hogs
  15 hell knights
  An iron troll (shapeshifter) (Zig:10)
  22 naga sharpshooters
  Nergalle (D:11)
  152 sun demons
  A storm dragon zombie (Depths:2)
  49 soul eaters
  11 shadow wraiths
  17 wretched stars
  12 crystal echidnas
  24 skeletal warriors
  23 sixfirhies
  3 iron trolls
  A spectral anaconda (Tar:3)
  A storm dragon skeleton (Depths:1)
  10 skysharks
  3 spatial maelstroms
  Lodul (D:10)
  A sun moth (Zig:1)
  A death drake (shapeshifter) (Vaults:3)
  29 deep trolls
  7 salamander mystics
  9 sea snakes
  10 flayed ghosts
  21 cherubim (Pan)
  3 quicksilver dragon simulacra
  8 glowing orange brains
  3 obsidian statues (Zig:7)
  A death drake (Zig:9)
  2 swamp dragons (Zig:9)
  An anaconda zombie (Hell)
  4 spriggan druids (Zig:9)
  16 shadow demons (Pan)
  3 bog bodies
  A broodmother zombie (Crypt:2)
  A fenstrider witch simulacrum (Abyss:2)
  12 deep elf archers
  A spectral iron dragon (Tar:7)
  2 anaconda skeletons
  27 necromancers
  20 wizards
  17 harpies
  16 ironbound convokers
  11 phantasmal warriors
  9 naga ritualists
  3 orange crystal statues
  3 lindwurms (Vaults:1)
  An iron giant skeleton (Crypt:3)
  A harpy (shapeshifter) (Abyss:4)
  35 deep elf pyromancers
  Pikel (D:8)
  6 orc knights
  29 deep elf zephyrmancers
  12 fauns
  10 mana vipers
  3 shining eyes
  A stone giant zombie (Depths:2)
  47 ugly things
  2 shadow dragon skeletons
  An oklob plant (Zot:3)
  19 manticores
  An orc sorcerer (Orc:2)
  9 cyclopes
  2 will-o-the-wisps (Abyss:3)
  5 worldbinders
  3 spectral centaurs (Tar:1)
  112 large abominations
  A sphinx skeleton (Depths:1)
  A toenail golem (Abyss:2)
  37 moths of wrath
  7 elephants
  18 naga magi
  A fire giant skeleton (Depths:2)
  7 ice statues
  12 salamanders
  An iron dragon skeleton (Pan)
  3 titan simulacra
  6 guardian serpents
  Joseph (D:8)
  Maurice (D:8)
  2 dire elephant zombies
  7 apocalypse crabs
  3 water nymphs
  21 vault sentinels
  9 eyes of devastation
  29 orange demons
  50 smoke demons
  A water nymph (shapeshifter) (Elf:1)
  35 black mambas
  6 rust devils
  14 merfolk sirens
  23 cane toads
  An alligator snapping turtle zombie (Abyss:3)
  A gargoyle (D:12)
  A storm dragon simulacrum (Coc:1)
  3 naga skeletons
  3 dire elephant skeletons
  A cane toad (shapeshifter) (Elf:2)
  A minotaur zombie (Crypt:1)
  12 molten gargoyles (Geh:7)
  A yaktaur (shapeshifter) (Abyss:2)
  Maggie (D:8)
  9 freezing wraiths
  19 tormentors
  3 unseen horror zombies (D:8)
  10 spectral swamp worms (Tar:7)
  A kobold demonologist (D:13)
  20 hellions
  A komodo dragon (shapeshifter) (Abyss:4)
  3 unseen horrors
  A bunyip simulacrum (Coc:1)
  2 anaconda simulacra
  4 komodo dragons
  2 alligator snapping turtle skeletons
  2 sea snake zombies (Hell)
  18 tengu conjurers
  19 rime drakes
  3 iron giant simulacra
  5 ice devils
  2 golden dragon simulacra (Coc:7)
  34 yaktaurs
  13 efreet
  29 guardian mummies
  A hydra zombie (Hell)
  A sea snake skeleton (Hell)
  6 red devils
  15 ancient zymes
  A mana viper zombie (Crypt:3)
  2 queen bees (shapeshifter)
  A queen bee (Lair:2)
  A death yak skeleton (Crypt:3)
  2 harpy zombies
  A yellow draconian skeleton (Crypt:1)
  33 hellwings
  3 meliai (D:13)
  A shadow dragon simulacrum (Crypt:3)
  7 trolls
  2 silent spectres
  A tyrant leech (Lair:5)
  20 merfolk
  8 polar bears (IceCv)
  7 hornets
  A tyrant leech (shapeshifter) (Zig:10)
  49 raiju
  5 dream sheep (Lair:1)
  A merfolk (shapeshifter) (D:13)
  4 wind drakes
  2 hydra skeletons
  A harpy skeleton (Abyss:2)
  A blink frog (shapeshifter) (Elf:2)
  A fire dragon zombie (Crypt:3)
  3 iron dragon simulacra
  A death drake skeleton (Crypt:3)
  A meliai zombie (Crypt:1)
  82 slime creatures
  2 ettin zombies (Crypt:2)
  A jumping spider (shapeshifter) (D:14)
  6 snapping turtles
  35 blink frogs
  20 flying skulls
  4 spriggans
  A jumping spider (Zig:1)
  5 air elementals
  A spriggan (shapeshifter) (Abyss:2)
  A shadow (Abyss:3)
  A centaur simulacrum (D:14)
  3 vampires
  38 ynoxinuls
  A human (shapeshifter) (D:11)
  2 naga simulacra
  8 water elementals
  13 wyverns
  6 dire elephant simulacra
  23 ushabtiu
  12 vampire mosquitoes
  15 wraiths
  A black mamba skeleton (Pan)
  5 fire bats (Abyss:2)
  2 alligator snapping turtle simulacra
  6 fire elementals
  31 golden eyes
  A steam dragon (shapeshifter) (Vaults:5)
  8 basilisks
  59 chaos spawn
  43 neqoxecs
  62 yaks
  Eustachio (D:6)
  20 humans (D:14)
  A steam dragon (Lair:3)
  72 nagas
  3 wargs
  3 spatial vortices
  4 acid dragons
  2 glowing shapeshifter zombies
  20 harpy simulacra
  4 hydra simulacra
  34 water moccasins
  15 hell hounds
  3 floating eyes
  39 small abominations
  2 ice beasts
  A cane toad skeleton (Crypt:2)
  A hornet zombie (D:8)
  4 black bears
  31 orc warriors
  16 ogres
  A sky beast (Abyss:2)
  8 ettin simulacra
  A spriggan simulacrum (Depths:1)
  A black mamba simulacrum (Coc:1)
  10 wolves
  14 boggarts
  11 centaurs
  A swamp dragon zombie (Abyss:1)
  3 kobold brigands
  2 phantoms
  A lemure (D:8)
  22 bullfrogs
  9 earth elementals
  A gnoll sergeant (D:9)
  A salamander skeleton (Crypt:3)
  6 scorpions
  A wyvern zombie (Crypt:3)
  6 necrophages
  12 wights
  A polar bear zombie (Crypt:1)
  A yak zombie (Crypt:3)
  24 killer bees
  8 howler monkeys
  10 electric eels
  A crimson imp (Pan)
  4 centaur zombies
  24 jellies
  4 quasits
  4 iron imps
  2 hounds
  31 orc priests
  A centaur skeleton (Crypt:1)
  3 gnoll boudas
  64 starcursed masses
  A black bear skeleton (Crypt:1)
  4 iguanas (D:5)
  34 orc wizards
  4 sleepcaps
  2 hell rats (Lair:4)
  19 mummies
  A howler monkey zombie (D:8)
  19 adders
  16 gnolls
  2 swamp drake zombies
  3 shadow imps
  6 white imps
  2 ufetubi (Abyss:3)
  3 worms
  4 dart slugs
  67 orcs
  2 bats (D:3)
  An endoplasm (D:3)
  2 giant cockroaches
  7 goblins
  8 hobgoblins
  3 jackals (Sewer)
  6 quokkas
  6 ball pythons
  5 frilled lizards (D:2)
  A frilled lizard skeleton (Crypt:1)
  11 kobolds
  7 rats
  3 creeping infernos (Geh:7)
  4 fire vortices
  2 lurking horrors
  2 spectral weapons (Zig:10)
  12 starspawn tentacles
  8 tentacles
5028 creatures vanquished.

Vanquished Creatures (collateral kills)
  A yak (D:8)
  A water moccasin (D:8)
  An ogre (D:9)
  A bullfrog (D:8)
4 creatures vanquished.

Vanquished Creatures (others)
  A deep elf blademaster (Elf:3)
  An eldritch tentacle (Pan)
  3 fire giants
  The ghost of Tolur the Eclecticist, an adept DEFE of Vehumet (D:14)
  A shard shrike simulacrum (Coc:7)
  A demonspawn blood saint (Pan)
  A deep elf annihilator (Pan)
  A green death (Pan)
  A rakshasa (Pan)
  2 caustic shrike simulacra
  A quicksilver dragon simulacrum (Coc:7)
  A naga ritualist (Snake:4)
  3 spriggan simulacra (Coc:3)
  A moth of wrath (Zot:4)
  A naga mage (Snake:3)
  A titan simulacrum (Coc:3)
  A tengu conjurer (WizLab)
  2 anaconda simulacra
  A golden dragon simulacrum (Coc:7)
  An iron giant simulacrum (Coc:7)
  A polar bear (IceCv)
  A blink frog (Abyss:4)
  An iron dragon simulacrum (Coc:3)
  A stone giant simulacrum (Coc:3)
  A shadow (Abyss:3)
  A naga simulacrum (Coc:7)
  A ynoxinul (Pan)
  A fire bat (Abyss:2)
  3 dire elephant simulacra
  An alligator snapping turtle simulacrum (Coc:3)
  2 golden eyes (Abyss:3)
  4 humans (Shoals:3)
  An orc simulacrum (Coc:1)
  3 harpy simulacra
  2 ettin simulacra
  3 small abominations (Abyss:2)
  An ufetubus (Abyss:3)
  2 orcs (Elf:1)
  9 ball lightnings
  2 creeping infernos (Geh:4)
  7 foxfires (Abyss:3)
  5 lurking horrors
  41 starspawn tentacles
  11 tentacles
131 creatures vanquished.

Grand Total: 5163 creatures vanquished

Notes
Turn   | Place    | Note
-------+----------+-------------------------------------------
     0 | D:1      | Ofeo the Octopode Shapeshifter began the quest for the Orb.
     0 | D:1      | Reached XP level 1. HP: 13/13 MP: 1/1
   468 | D:1      | Reached XP level 2. HP: 14/18 MP: 2/2
  1404 | D:2      | Reached XP level 3. HP: 21/23 MP: 3/3
  2050 | D:3      | Reached XP level 4. HP: 29/29 MP: 4/4
  2082 | D:3      | Found a shimmering altar of Xom.
  2237 | D:3      | Found a glowing drain.
  2241 | Sewer    | Entered a sewer
  2309 | Sewer    | Noticed a water moccasin
  2315 | Sewer    | Killed a water moccasin
  2316 | Sewer    | Reached XP level 5. HP: 27/35 MP: 5/5
  2617 | D:3      | Reached skill level 1 in Stealth
  2617 | D:3      | Reached XP level 6. HP: 42/42 MP: 6/6
  3032 | D:3      | Found a snail-covered altar of Cheibriados.
  3489 | D:4      | Noticed a black bear
  3496 | D:4      | Killed a black bear
  3592 | D:4      | Found an ornate altar of the Wu Jian Council.
  3683 | D:4      | Found a staircase to the Ecumenical Temple.
  3820 | Temple   | Entered the Ecumenical Temple
  3830 | Temple   | Became a worshipper of Gozag Ym Sagoz the Greedy
  3863 | D:4      | Reached XP level 7. HP: 40/46 MP: 7/7
  3947 | D:4      | Found an iron altar of Okawaru.
  4545 | D:5      | Entered Level 5 of the Dungeon
  4641 | D:4      | HP: 1/47 [black bear (7)]
  5071 | D:5      | Found Searig's Antique Weapon Emporium.
  5158 | D:5      | Found a runed translucent door.
  5378 | D:5      | Reached skill level 5 in Unarmed Combat
  5412 | D:5      | Reached XP level 8. HP: 44/54 MP: 8/8
  5791 | D:5      | Noticed lunkers's ghost (novice MeSh)
  5822 | D:5      | Found a hazy altar of Hepliaklqana.
  6186 | D:5      | Found a sacrificial altar of Ru.
  6232 | D:5      | Reached skill level 5 in Stealth
  6473 | D:6      | Identified the +5 scale mail of Xigohig {Int+4}
  6492 | D:6      | Noticed Eustachio
  6530 | D:6      | Reached skill level 5 in Dodging
  6636 | D:6      | Reached skill level 5 in Shapeshifting
  7114 | D:6      | Reached skill level 5 in Fighting
  7421 | D:6      | Reached XP level 9. HP: 61/61 MP: 9/9
  8055 | D:6      | Found a shadowy altar of Dithmenos.
  8197 | D:6      | Killed Eustachio
  8880 | D:7      | Noticed a troll
  9408 | D:7      | Killed a troll
  9648 | D:7      | Found the +18 Lear's hauberk
 10717 | D:8      | Noticed Maurice
 11271 | D:8      | Reached XP level 10. HP: 66/68 MP: 10/10
 11426 | D:8      | Noticed a deep elf pyromancer
 11459 | D:8      | Killed a deep elf pyromancer
 11519 | D:8      | Noticed a cyclops
 11535 | D:8      | Killed a cyclops
 11734 | D:8      | Found a snail-covered altar of Cheibriados.
 11735 | D:8      | Found a shadowy altar of Dithmenos.
 11736 | D:8      | Found a radiant altar of Vehumet.
 12112 | D:8      | Noticed Pikel
 12134 | D:8      | Killed Pikel
 12232 | D:8      | Noticed a cyan ugly thing
 12268 | D:8      | Found a shimmering blue altar of Sif Muna.
 12623 | D:8      | Found a basalt altar of Yredelemnul.
 12632 | D:8      | HP: 3/71 [hornet zombie (9)]
 12696 | D:8      | Reached XP level 11. HP: 54/75 MP: 11/11
 12804 | D:8      | Noticed Joseph
 12819 | D:8      | Killed Joseph
 12820 | D:8      | Reached skill level 10 in Stealth
 12961 | D:8      | Found a staircase to the Lair.
 13012 | D:8      | Killed Maurice
 13426 | D:8      | Noticed Maggie
 13432 | D:8      | Killed Maggie
 13789 | D:9      | Found a broken altar of Ashenzari.
 14117 | Lair:1   | Entered Level 1 of the Lair of Beasts
 15144 | D:10     | Entered Level 10 of the Dungeon
 15183 | D:10     | Found Dyhorin's General Store.
 15186 | D:10     | Bought a phantom mirror for 640 gold pieces
 15303 | D:10     | Found a blossoming altar of Fedhas.
 15439 | D:10     | Noticed Lodul
 16193 | D:9      | Found a broken altar of Ashenzari.
 16537 | D:10     | Found a stormy altar of Qazlal.
 16966 | D:11     | Noticed a two-headed ogre
 17190 | D:11     | Noticed a two-headed ogre
 17309 | D:11     | Reached skill level 10 in Shapeshifting
 17321 | D:11     | Reached XP level 12. HP: 48/82 MP: 12/12
 17547 | D:11     | Found a staircase to the Orcish Mines.
 18829 | Lair:1   | Found a runed translucent gate.
 18830 | Lair:1   | Found a runed translucent gate.
 18830 | Lair:1   | Found a runed translucent gate.
 18853 | Lair:1   | Noticed LeprechaunX's ghost (journeyman OpSh)
 19128 | Lair:1   | Bought 2 scrolls of identify for 60 gold pieces
 19128 | Lair:1   | Bought a scroll of identify for 30 gold pieces
 19862 | Lair:2   | Found a staircase to the Shoals.
 20012 | Lair:2   | Reached XP level 13. HP: 88/88 MP: 13/13
 21615 | Lair:3   | Found a staircase to the Snake Pit.
 22513 | Lair:4   | Reached skill level 15 in Shapeshifting
 22534 | Lair:4   | Found a staircase to the Slime Pits.
 22534 | Lair:4   | Found a viscous altar of Jiyva.
 22879 | Lair:4   | Reached XP level 14. HP: 95/95 MP: 14/14
 22931 | Lair:4   | Got Sif Muna's Cyclopedia of the Geologist and Distance
 23397 | Lair:4   | Bought a potion of invisibility for 112 gold pieces
 23397 | Lair:4   | Bought a potion of curing for 42 gold pieces
 23397 | Lair:4   | Bought a potion of attraction for 42 gold pieces
 23397 | Lair:4   | Bought a potion of curing for 42 gold pieces
 23450 | Lair:5   | Entered Level 5 of the Lair of Beasts
 23913 | Lair:5   | Identified the +8 arbalest of Ignis's Vengeance {drain,
                  | rElec rF+ rN+}
 23935 | Lair:5   | Identified the ring of Wuopn {Ice +Blink Str-4 Int+4}
 23984 | Lair:5   | Reached skill level 10 in Unarmed Combat
 24594 | Lair:5   | Reached skill level 10 in Dodging
 25276 | D:10     | Killed Lodul
 25277 | D:10     | Reached skill level 10 in Fighting
 25418 | D:10     | Found a sparkling altar of Nemelex Xobeh.
 25916 | D:11     | Noticed Nergalle
 25925 | D:11     | Killed Nergalle
 26997 | D:12     | Reached XP level 15. HP: 105/105 MP: 15/15
 27608 | Orc:1    | Entered Level 1 of the Orcish Mines
 28110 | Orc:2    | Entered Level 2 of the Orcish Mines
 28121 | Orc:2    | Found a staircase to the Elven Halls.
 28145 | Orc:2    | Noticed Nessos
 28164 | Orc:2    | Killed Nessos
 28385 | Orc:2    | Found a runed translucent door.
 28392 | Orc:2    | Found the +10 tower shield of Ignorance {rN+ Int-4}
 28396 | Orc:2    | Noticed Jorgrun
 28408 | Orc:2    | Killed Jorgrun
 28434 | Orc:2    | Found a runed translucent door.
 29698 | Orc:2    | Found Tijum's Antique Weapon Shoppe.
 29699 | Orc:2    | Found Ufre's Armour Emporium.
 29806 | Orc:2    | Found Rybahesm's Distillery.
 29810 | Orc:2    | Found Etitith's Jewellery Shoppe.
 29814 | Orc:2    | Bought a +5 ring of evasion for 468 gold pieces
 29814 | Orc:2    | Bought a +6 ring of strength for 468 gold pieces
 29814 | Orc:2    | Bought a +6 ring of dexterity for 468 gold pieces
 29818 | Orc:2    | Bought a potion of curing for 33 gold pieces
 29818 | Orc:2    | Bought a potion of cancellation for 88 gold pieces
 29818 | Orc:2    | Bought 2 potions of curing for 66 gold pieces
 29818 | Orc:2    | Bought a potion of heal wounds for 55 gold pieces
 30016 | Orc:2    | Bought a shiny buckler for 307 gold pieces
 30467 | D:13     | Reached skill level 1 in Shields
 30915 | D:13     | Identified the +1 demon blade of Hiyrowo {freeze, Will+}
 30915 | D:13     | Identified the ring of Feprodie {rF+ Int+3}
 31028 | D:13     | You are sucked into a shaft and drop 2 floors!
 31028 | D:15     | Entered Level 15 of the Dungeon
 31132 | D:15     | Noticed Josephine
 31145 | D:15     | Killed Josephine
 31366 | D:14     | Found a runed translucent gate.
 31366 | D:14     | Found a runed translucent gate.
 31366 | D:14     | Found a runed translucent gate.
 31372 | D:14     | Noticed AwFulAwFulPlayer's ghost (journeyman DsCK)
 31538 | D:14     | Identified the +7 longbow of Inference {flame, rPois Str-2
                  | Dex+3}
 31613 | D:14     | Identified the +1 helmet "Gamn" {rN+ Will+ Str-5 Int+3}
 31926 | D:14     | Noticed Agnes
 31933 | D:14     | Killed Agnes
 31934 | D:14     | Reached XP level 16. HP: 115/115 MP: 16/16
 32045 | D:14     | Found a gate to the Vaults.
 32977 | D:15     | Found a runed translucent gate.
 32977 | D:15     | Found a runed translucent gate.
 32977 | D:15     | Found a runed translucent gate.
 32999 | D:15     | Reached skill level 5 in Shields
 33210 | D:15     | Identified the +2 leather armour "Kasu" {Harm +Inv rN+
                  | Will-}
 33317 | D:15     | Noticed Bekuax's ghost (journeyman DgVM)
 33317 | D:15     | Noticed Tolur's ghost (adept DEFE)
 33318 | D:15     | Noticed Xytuag Dedu's ghost (journeyman TeAE)
 33318 | D:15     | Noticed Kidef's ghost (adept FoFi)
 33329 | D:15     | Found the ring of the Hare {EV+10}
 33474 | D:15     | Found a staircase to the Depths.
 33548 | D:15     | Found a glowing golden altar of the Shining One.
 33655 | D:14     | Killed Kidef's ghost
 33810 | D:14     | Killed Xytuag Dedu's ghost
 33958 | D:14     | Killed Tolur's ghost
 33975 | D:14     | Killed Bekuax's ghost
 33998 | D:15     | Identified the ring "Lezxitoz" {Fire Fly Will++ rCorr}
 34049 | D:15     | Bought the dreamshard necklace {Acrobat *Dream} for 2200
                  | gold pieces
 34049 | D:15     | Found the dreamshard necklace {Acrobat *Dream}
 34087 | D:15     | Identified the +3 hand axe of Purpose {drain, Int+5 Dex+2}
 34285 | Shoals:1 | Entered Level 1 of the Shoals
 34584 | Shoals:1 | Noticed a kraken
 34785 | Shoals:1 | Killed a kraken
 35425 | Shoals:1 | Found Tsteejas's Tempting Trifles.
 35686 | Shoals:2 | Identified the +0 pair of gloves "Qeep" {rF+ rCorr}
 35686 | Shoals:2 | Noticed Nikola
 35713 | Shoals:2 | Killed Nikola
 35765 | Shoals:2 | Noticed Ilsuiw
 35801 | Shoals:2 | Killed Ilsuiw
 36164 | Shoals:2 | Noticed Polyphemus
 36184 | Shoals:1 | Killed Polyphemus
 36185 | Shoals:1 | Reached XP level 17. HP: 86/123 MP: 17/17
 36435 | Shoals:2 | Noticed Mlioglotl
 36440 | Shoals:2 | Noticed a bone dragon
 36440 | Shoals:2 | Noticed a tentacled starspawn
 36444 | Shoals:2 | Killed Mlioglotl
 36971 | Shoals:3 | Noticed Mara
 37081 | Shoals:3 | Noticed Kirke
 37184 | Shoals:3 | Noticed Ofeo's illusion
 37214 | Shoals:3 | Noticed a sphinx
 37217 | Shoals:3 | Noticed a sphinx
 37287 | Shoals:3 | Killed Kirke
 37293 | Shoals:3 | Noticed Ofeo's illusion
 37397 | Shoals:3 | Noticed Ofeo's illusion
 37412 | Shoals:3 | Killed Mara
 38032 | Shoals:3 | Noticed a kraken
 38051 | Shoals:3 | Killed a kraken
 38372 | Shoals:4 | Entered Level 4 of the Shoals
 38482 | Shoals:4 | Found Xeqo's CLEARANCE SALE!.
 38923 | Shoals:4 | Got a barnacled rune of Zot
 39831 | Snake:1  | Entered Level 1 of the Snake Pit
 40032 | Snake:1  | Reached XP level 18. HP: 132/132 MP: 18/18
 40110 | Snake:1  | Found Zimapn's Jewellery Shop.
 40118 | Snake:1  | Bought a +4 ring of protection for 468 gold pieces
 40874 | Snake:1  | Reached skill level 15 in Unarmed Combat
 41392 | Snake:2  | Found Zaeho's Antique Weapon Emporium.
 41392 | Snake:2  | Found Bakhlaash's Assorted Antiques.
 41393 | Snake:2  | Found Cuakhlewi's Antique Armour Emporium.
 41395 | Snake:2  | Found Doiss's General Store.
 41406 | Snake:2  | Bought the +0 mask of the Dragon {Will+ Slay+3 SInv} for
                  | 1135 gold pieces
 41406 | Snake:2  | Found the +0 mask of the Dragon {Will+ Slay+3 SInv}
 42072 | Snake:2  | Reached skill level 15 in Fighting
 42075 | Snake:2  | Reached skill level 15 in Dodging
 42075 | Snake:2  | Reached skill level 10 in Shields
 42853 | Snake:3  | Noticed Vashnia
 42863 | Snake:3  | Killed Vashnia
 43981 | Snake:4  | Entered Level 4 of the Snake Pit
 44587 | Snake:4  | Reached XP level 19. HP: 127/140 MP: 19/19
 44910 | Snake:4  | Got a serpentine rune of Zot
 45815 | Vaults:1 | Entered Level 1 of the Vaults
 46676 | Vaults:1 | Found Ynochulauc's Weapon Emporium.
 47105 | Vaults:2 | Noticed Asterion
 47107 | Vaults:2 | Found a magical portal.
 47117 | Vaults:2 | Killed Asterion
 47129 | WizLab   | Entered Iskenderun's Mystic Tower
 47441 | WizLab   | Reached XP level 20. HP: 149/149 MP: 20/20
 48024 | WizLab   | Got Iskenderun's Parchment of Fulmination
 48224 | Vaults:2 | Found Vothuw's Weapon Emporium.
 48611 | Vaults:2 | Learned a level 4 spell: Manifold Assault
 48614 | Vaults:2 | Learned a level 2 spell: Blink
 48641 | Vaults:2 | Learned a level 1 spell: Apportation
 48644 | Vaults:2 | Learned a level 2 spell: Wereblood
 49369 | Vaults:2 | Found a staircase to the Crypt.
 49659 | Vaults:2 | Bought a wand of roots (4) for 240 gold pieces
 49813 | Vaults:3 | Paralysed by a floating eye for 2 turns
 49958 | Vaults:3 | Reached skill level 15 in Shields
 50161 | Vaults:3 | Got the Secrets of Polytheism
 50244 | Vaults:3 | Noticed Boris
 50253 | Vaults:3 | Killed Boris
 50315 | Vaults:3 | Reached XP level 21. HP: 112/156 MP: 21/21
 50569 | Vaults:3 | Found Diorringu's Antique Weapon Shop.
 52928 | Elf:1    | Entered Level 1 of the Elven Halls
 53121 | Elf:1    | Found Lakuefya's Antique Weapon Shoppe.
 53956 | Elf:1    | Found a runed translucent gate.
 53956 | Elf:1    | Found a runed translucent gate.
 53956 | Elf:1    | Found a runed translucent gate.
 53956 | Elf:1    | Found a runed translucent gate.
 53956 | Elf:1    | Found a runed translucent gate.
 54163 | Elf:1    | Found a runed translucent gate.
 54584 | Shoals:1 | Bought a manual of Translocations for 1280 gold pieces
 54829 | Elf:2    | Found Baas's Jewellery Shoppe.
 54840 | Elf:2    | Reached skill level 1 in Translocations
 54873 | Elf:2    | Bought a +5 ring of evasion for 720 gold pieces
 54884 | Elf:2    | Found Zofiynn's Book Boutique.
 54968 | Elf:2    | Found a frozen archway.
 54977 | IceCv    | Entered an ice cave
 55261 | IceCv    | Reached XP level 22. HP: 165/165 MP: 18/22
 55461 | IceCv    | Reached XP level 23. HP: 171/171 MP: 23/23
 55524 | Elf:2    | Found Itusirgh's Book Shop.
 55526 | Elf:2    | Found Cyoshuk's Jewellery Emporium.
 55528 | Elf:2    | Found Vifap's Book Shop.
 55829 | Elf:2    | Found Xafa Zoo's Antique Weapon Boutique.
 55834 | Elf:2    | Found Iceqigh's Distillery.
 55843 | Elf:2    | Bought a potion of haste for 150 gold pieces
 55843 | Elf:2    | Bought a potion of resistance for 150 gold pieces
 55843 | Elf:2    | Bought a potion of mutation for 120 gold pieces
 55843 | Elf:2    | Bought a potion of heal wounds for 75 gold pieces
 55843 | Elf:2    | Bought a potion of curing for 45 gold pieces
 55843 | Elf:2    | Bought a potion of heal wounds for 75 gold pieces
 55843 | Elf:2    | Bought a potion of curing for 45 gold pieces
 55967 | Elf:2    | Found a runed translucent gate.
 55967 | Elf:2    | Found a runed translucent gate.
 55967 | Elf:2    | Found a runed translucent gate.
 56160 | Elf:2    | Noticed Azrael
 56174 | Elf:2    | Killed Azrael
 56643 | Elf:3    | Entered Level 3 of the Elven Halls
 56911 | Elf:3    | Noticed Roxanne
 56929 | Elf:3    | Killed Roxanne
 57877 | Elf:3    | Identified the +5 great mace "Fustriwoi" {venom, *Corrode
                  | Will+ Int+2}
 57900 | Elf:3    | Reached skill level 1 in Spellcasting
 57912 | Elf:3    | Identified the ring "Wom Sal" {rElec rPois rF+ SInv}
 58341 | Elf:3    | Got the Guidebook on Guile
 58345 | Elf:3    | Identified the ring "Qoqaim" {Ice Int+2 Slay+2}
 58366 | Elf:3    | Identified the +6 short sword of Responsibility {heavy,
                  | Int+2}
 58437 | Elf:3    | Got the Compendium of the Decaying Coward
 58777 | Depths:1 | Entered Level 1 of the Depths
 58780 | Depths:1 | Reached skill level 10 in Translocations
 59559 | Depths:1 | Found a gateway to Hell.
 59709 | Depths:1 | Reached XP level 24. HP: 179/179 MP: 22/27
 60068 | Depths:1 | Paralysed by a floating eye for 4 turns
 60377 | Depths:2 | Found a one-way gate to the infinite horrors of the Abyss.
 60386 | Depths:2 | Found a one-way gate leading to the halls of Pandemonium.
 62129 | Depths:3 | Noticed a caustic shrike
 62129 | Depths:3 | Noticed Norris
 62134 | Depths:3 | Noticed Parghit
 62140 | Depths:3 | Killed Norris
 62149 | Depths:3 | Killed Parghit
 62155 | Depths:3 | Killed a caustic shrike
 62170 | Depths:3 | Paralysed by a floating eye for 2 turns
 62206 | Depths:3 | Noticed Jory
 62210 | Depths:3 | Paralysed by a floating eye for 2 turns
 62230 | Depths:3 | Killed Jory
 62273 | Depths:3 | Paralysed by a floating eye for 3 turns
 62316 | Depths:3 | Reached skill level 5 in Spellcasting
 62564 | Depths:3 | Noticed a caustic shrike
 62568 | Depths:3 | Killed a caustic shrike
 63223 | Depths:4 | Entered Level 4 of the Depths
 63683 | Depths:4 | Reached XP level 25. HP: 187/187 MP: 31/31
 63796 | Depths:4 | Found a gate to the Realm of Zot.
 64162 | Depths:4 | Found a one-way gateway to a ziggurat.
 65099 | Vaults:4 | Learned a level 2 spell: Lesser Beckoning
 65100 | Vaults:5 | Entered Level 5 of the Vaults
 65110 | Vaults:5 | Noticed an ancient lich
 65448 | Vaults:5 | Killed an ancient lich
 65457 | Vaults:5 | Noticed an ancient lich
 65468 | Vaults:5 | Killed an ancient lich
 66156 | Vaults:5 | Identified the +2 robe of Action {rN+ Will- SInv}
 66169 | Vaults:5 | Identified the +5 short sword of the Charming Ass {freeze,
                  | Fly Int+8 Stlth+}
 66407 | Vaults:5 | Identified the +3 war axe of Boycw {heavy, rF+ Will- Dex+4}
 66845 | Vaults:5 | Got a silver rune of Zot
 67796 | Elf:2    | Bought a +6 ring of dexterity for 540 gold pieces
 67821 | Elf:2    | Bought a scroll of fog for 192 gold pieces
 67821 | Elf:2    | Bought a scroll of teleportation for 144 gold pieces
 67825 | Elf:2    | Bought a scroll of acquirement for 780 gold pieces
 67825 | Elf:2    | Bought a scroll of blinking for 112 gold pieces
 67825 | Elf:2    | Bought a scroll of teleportation for 45 gold pieces
 67825 | Elf:2    | Bought a scroll of teleportation for 45 gold pieces
 67825 | Elf:2    | Acquired the +6 tower shield "Beycs" {rN+ Dex+3 SInv}
 68104 | Slime:1  | Entered Level 1 of the Pits of Slime
 68221 | Slime:2  | Reached XP level 26. HP: 195/195 MP: 34/34
 68339 | Slime:4  | Noticed Dissolution
 68472 | Slime:4  | Gained mutation: You sometimes lose your temper in combat.
                  | [a shining eye]
 68473 | Slime:4  | Paralysed by a floating eye for 3 turns
 68480 | Slime:3  | Killed Dissolution
 68504 | Slime:3  | Lost mutation: You sometimes lose your temper in combat.
                  | [potion of mutation]
 68504 | Slime:3  | Gained mutation: You are partially covered in iridescent
                  | scales. (AC +2) [potion of mutation]
 68504 | Slime:3  | Gained mutation: You occasionally lose the ability to drink
                  | potions when taking damage. [potion of mutation]
 68504 | Slime:3  | Gained mutation: You are mostly covered in iridescent
                  | scales. (AC +4) [potion of mutation]
 68504 | Slime:3  | Gained mutation: One of your tentacles bears a spike.
                  | [potion of mutation]
 68572 | Slime:5  | Entered Level 5 of the Pits of Slime
 68597 | Slime:5  | Noticed the Royal Jelly
 68609 | Slime:5  | Killed the Royal Jelly
 68861 | Slime:5  | Identified the +0 robe of the Fife {rN+ Str+3}
 68893 | Slime:5  | Got a slimy rune of Zot
 68896 | Slime:5  | Identified the staff of Diet Blood {rElec rPois rC+ Dex+2
                  | Poison}
 68900 | Slime:5  | Identified the +2 scale mail of Awe {Dex+4}
 68921 | Slime:5  | Identified the +1 arbalest of Bampi {heavy, Will+ Str+4
                  | Dex-5}
 68922 | Slime:5  | Identified the +1 leather armour "Fifo" {rC+ Slay+3}
 68964 | Slime:5  | Identified the +1 flail of the Boiling Point {speed, Int+3}
 68984 | Slime:5  | Identified the +6 sling "Hahoar" {antimagic, rC+ Str+3}
 69011 | Slime:5  | Identified the +6 short sword "Cehit" {flame, Dex+7}
 70347 | Crypt:1  | Entered Level 1 of the Crypt
 71229 | Crypt:2  | Found a transporter.
 71246 | Crypt:2  | Found a transporter.
 72249 | Crypt:2  | Found a basalt altar of Yredelemnul.
 72280 | Crypt:2  | Got the Vellum of the Welkin and the Compass
 72405 | Crypt:2  | Found a basalt altar of Yredelemnul.
 72430 | Crypt:2  | Identified the +1 cloak "Cekk" {Harm +Inv rC++ Dex+2}
 72587 | Crypt:3  | Entered Level 3 of the Crypt
 73399 | Crypt:3  | Reached XP level 27. HP: 204/204 MP: 31/35
 73839 | Crypt:3  | Found an ancient bone altar of Kikubaaqudgha.
 73847 | Crypt:3  | Found a basalt altar of Yredelemnul.
 73851 | Crypt:3  | Found the +6 Majin-Bo {spellvamp, MP+6 Int+6}
 74123 | Crypt:3  | Found a staircase to the Tomb.
 74216 | Crypt:3  | Identified the +8 war axe "Globulus" {heavy, rF++}
 74604 | Depths:2 | Voluntarily entered the Abyss.
 74717 | Abyss:1  | Found a corrupted altar of Lugonu.
 74891 | Abyss:2  | Reached skill level 1 in Transmutations
 74925 | Abyss:2  | Gained mutation: Your body sometimes deteriorates upon
                  | taking damage. [a neqoxec]
 74927 | Abyss:2  | Gained mutation: You sometimes lose your temper in combat.
                  | [a neqoxec]
 75056 | Abyss:2  | Paralysed by you for 3 turns
 75105 | Abyss:2  | Noticed an ancient lich
 75118 | Abyss:2  | Killed an ancient lich
 75191 | Abyss:2  | Paralysed by accursed screaming for 1 turns
 75389 | Abyss:2  | Paralysed by accursed screaming for 1 turns
 75568 | Depths:2 | Escaped the Abyss
 75699 | Depths:2 | Voluntarily entered the Abyss.
 75705 | Abyss:3  | Found a corrupted altar of Lugonu.
 75710 | Abyss:3  | Found a basalt altar of Yredelemnul.
 76030 | Abyss:3  | Reached skill level 5 in Transmutations
 76575 | Abyss:3  | Found a corrupted altar of Lugonu.
 76591 | Abyss:3  | Found a corrupted altar of Lugonu.
 76591 | Abyss:3  | Found a corrupted altar of Lugonu.
 76639 | Abyss:3  | Gained mutation: You are dopey. (Int -2) [a neqoxec]
 76905 | Abyss:3  | Paralysed by accursed screaming for 1 turns
 77013 | Abyss:3  | Gained mutation: You are clumsy. (Dex -2) [a neqoxec]
 77075 | Abyss:3  | Found a corrupted altar of Lugonu.
 77077 | Abyss:3  | Got an abyssal rune of Zot
 77099 | Abyss:3  | Found a corrupted altar of Lugonu.
 77217 | Abyss:3  | Gained mutation: Your magical capacity is low. (-10% MP) [a
                  | neqoxec]
 77467 | Abyss:4  | Noticed a dread lich
 77474 | Abyss:4  | Killed a dread lich
 77493 | Depths:2 | Escaped the Abyss
 77494 | Depths:2 | Lost mutation: One of your tentacles bears a spike. [potion
                  | of mutation]
 77494 | Depths:2 | Lost mutation: Your magical capacity is low. (-10% MP)
                  | [potion of mutation]
 77494 | Depths:2 | Gained mutation: You do not regenerate when monsters are
                  | visible. [potion of mutation]
 77495 | Depths:2 | Lost mutation: You sometimes lose your temper in combat.
                  | [potion of mutation]
 77495 | Depths:2 | Lost mutation: You are mostly covered in iridescent scales.
                  | (AC +4) [potion of mutation]
 77495 | Depths:2 | Lost mutation: You are partially covered in iridescent
                  | scales. (AC +2) [potion of mutation]
 77496 | Depths:2 | Lost mutation: You are clumsy. (Dex -2) [potion of
                  | mutation]
 77496 | Depths:2 | Lost mutation: You occasionally lose the ability to drink
                  | potions when taking damage. [potion of mutation]
 77496 | Depths:2 | Lost mutation: You do not regenerate when monsters are
                  | visible. [potion of mutation]
 77496 | Depths:2 | Gained mutation: You passively dampen the noise of your
                  | surroundings. [potion of mutation]
 77496 | Depths:2 | Lost mutation: You are dopey. (Int -2) [potion of mutation]
 77790 | Elf:2    | Bought a book of Lightning for 612 gold pieces
 77795 | Elf:2    | Learned a level 3 spell: Vhi's Electric Charge
 78115 | Pan      | Entered Pandemonium
 78205 | Pan      | Got the Compendium of the Geologist and Ill Luck
 78251 | Pan      | Reached skill level 1 in Evocations
 78300 | Pan      | Noticed Jogus the pandemonium lord
 78306 | Pan      | Killed Jogus the pandemonium lord
 78307 | Pan      | Reached skill level 1 in Air Magic
 79525 | Pan      | Reached skill level 5 in Evocations
 79880 | Pan      | Gained mutation: You are frail. (-10% HP) [a neqoxec]
 80002 | Pan      | Entered the realm of Mnoleg.
 80047 | Pan      | Gained mutation: Your spells are a little easier to cast,
                  | but a little less powerful. [a neqoxec]
 80278 | Pan      | Gained mutation: You are clumsy. (Dex -2) [a neqoxec]
 80304 | Pan      | Gained mutation: You are dopey. (Int -2) [a cacodemon]
 80353 | Pan      | Gained mutation: Your magical capacity is low. (-10% MP) [a
                  | neqoxec]
 80355 | Pan      | Noticed Mnoleg
 80361 | Pan      | Gained mutation: You are very frail. (-20% HP) [a
                  | cacodemon]
 80362 | Pan      | Gained mutation: You are extremely frail. (-30% HP) [a
                  | cacodemon]
 80363 | Pan      | Gained mutation: You are very clumsy. (Dex -4) [a
                  | cacodemon]
 80373 | Pan      | Gained mutation: Your spells are easier to cast, but less
                  | powerful. [a cacodemon]
 80373 | Pan      | Gained mutation: You are weak. (Str -2) [a shining eye]
 80376 | Pan      | Killed Mnoleg
 80401 | Pan      | Paralysed by a floating eye for 3 turns
 80408 | Pan      | Paralysed by a floating eye for 4 turns
 80414 | Pan      | Paralysed by a floating eye for 4 turns
 80422 | Pan      | Gained mutation: Potions are less effective at restoring
                  | your health. [a neqoxec]
 80437 | Pan      | Gained mutation: Your spells are much easier to cast, but
                  | much less powerful. [a neqoxec]
 80469 | Pan      | Lost mutation: Potions are less effective at restoring your
                  | health. [potion of mutation]
 80469 | Pan      | Lost mutation: You passively dampen the noise of your
                  | surroundings. [potion of mutation]
 80469 | Pan      | Lost mutation: You are very clumsy. (Dex -4) [potion of
                  | mutation]
 80469 | Pan      | Lost mutation: You are dopey. (Int -2) [potion of mutation]
 80469 | Pan      | Gained mutation: You occasionally shout uncontrollably at
                  | your foes. [potion of mutation]
 80469 | Pan      | Gained mutation: You are strong-willed. (Will+) [potion of
                  | mutation]
 80470 | Pan      | Lost mutation: Your magical capacity is low. (-10% MP)
                  | [potion of mutation]
 80470 | Pan      | Lost mutation: You occasionally shout uncontrollably at
                  | your foes. [potion of mutation]
 80470 | Pan      | Lost mutation: Your body sometimes deteriorates upon taking
                  | damage. [potion of mutation]
 80471 | Pan      | Lost mutation: You are strong-willed. (Will+) [potion of
                  | mutation]
 80471 | Pan      | Lost mutation: You are weak. (Str -2) [potion of mutation]
 80471 | Pan      | Gained mutation: Your mind is acute. (Int +4, Str/Dex -1)
                  | [potion of mutation]
 80471 | Pan      | Gained mutation: You are covered in fur. (AC +1) [potion of
                  | mutation]
 80472 | Pan      | Lost mutation: Your mind is acute. (Int +4, Str/Dex -1)
                  | [potion of mutation]
 80472 | Pan      | Lost mutation: You are extremely frail. (-30% HP) [potion
                  | of mutation]
 80472 | Pan      | Lost mutation: Your spells are much easier to cast, but
                  | much less powerful. [potion of mutation]
 80472 | Pan      | Gained mutation: You are partially covered in iridescent
                  | scales. (AC +2) [potion of mutation]
 80538 | Pan      | Lost mutation: You are very frail. (-20% HP) [potion of
                  | mutation]
 80538 | Pan      | Lost mutation: You are covered in fur. (AC +1) [potion of
                  | mutation]
 80538 | Pan      | Lost mutation: You are clumsy. (Dex -2) [potion of
                  | mutation]
 80538 | Pan      | Gained mutation: You possess an exceptional clarity of
                  | mind. [potion of mutation]
 80538 | Pan      | Gained mutation: You occasionally lose the ability to read
                  | scrolls when taking damage. [potion of mutation]
 80538 | Pan      | Gained mutation: Your flesh is heat resistant. (rF+)
                  | [potion of mutation]
 80678 | Pan      | Got a glowing rune of Zot
 80706 | Pan      | Got Yzeaqyog's Commentary on Talus and Doom
 80918 | Pan      | Reached skill level 5 in Air Magic
 81074 | Pan      | Gained mutation: You are very frail. (-20% HP) [a
                  | cacodemon]
 81115 | Pan      | Lost mutation: You are partially covered in iridescent
                  | scales. (AC +2) [potion of mutation]
 81115 | Pan      | Lost mutation: You are very frail. (-20% HP) [potion of
                  | mutation]
 81115 | Pan      | Lost mutation: You are frail. (-10% HP) [potion of
                  | mutation]
 81115 | Pan      | Gained mutation: Your skin blends seamlessly with your
                  | surroundings (Stealth++). [potion of mutation]
 81115 | Pan      | Gained mutation: You do not regenerate when monsters are
                  | visible. [potion of mutation]
 81115 | Pan      | Gained mutation: Your mind is acute. (Int +4, Str/Dex -1)
                  | [potion of mutation]
 81116 | Pan      | Lost mutation: Your flesh is heat resistant. (rF+) [potion
                  | of mutation]
 81116 | Pan      | Lost mutation: Your mind is acute. (Int +4, Str/Dex -1)
                  | [potion of mutation]
 81116 | Pan      | Lost mutation: You do not regenerate when monsters are
                  | visible. [potion of mutation]
 81116 | Pan      | Gained mutation: Your flesh is cold resistant. (rC+)
                  | [potion of mutation]
 81116 | Pan      | Gained mutation: You expend magic power (3 MP) to
                  | strengthen your wands. [potion of mutation]
 81407 | Pan      | Identified the +7 tower shield "Teitelam" {Regen+ rCorr
                  | Str-5}
 81420 | Pan      | Found a glowing silver altar of Zin.
 81435 | Pan      | Identified the +8 tower shield of Agnosticism {Regen+}
 82057 | Pan      | Reached skill level 10 in Evocations
 82548 | Pan      | Found a white marble altar of Elyvilon.
 83013 | Pan      | Identified the +8 quarterstaff of Oscheustea {spect, rCorr
                  | Str+3 Int-3}
 83291 | Pan      | Identified the -1 tower shield of Light {*Slow +Inv Will+
                  | Regen+}
 84296 | Pan      | Noticed a seraph
 84306 | Pan      | Killed a seraph
 84321 | Pan      | Found a glowing golden altar of the Shining One.
 84374 | Pan      | Identified the +9 plate armour "Taos" {rC+ Dex+3}
 84377 | Pan      | Identified the +1 battleaxe "Asuog" {antimagic, Int-4
                  | Dex+5}
 84378 | Pan      | Identified the +6 scimitar of Regicide {distort, rCorr
                  | Str+2}
 84383 | Pan      | Got a demonic rune of Zot
 84582 | Depths:2 | Escaped Pandemonium
 85237 | Elf:2    | Bought a +6 ring of dexterity for 720 gold pieces
 85648 | Hell     | Entered the Vestibule of Hell
 85648 | Hell     | Noticed Murray
 85648 | Hell     | Noticed Geryon
 85653 | Hell     | Killed Geryon
 85657 | Hell     | Killed Murray
 85874 | Hell     | Found a gateway to the decaying netherworld of Tartarus.
 86040 | Hell     | Found a gateway to the ashen valley of Gehenna.
 86240 | Hell     | Found a gateway to the Iron City of Dis.
 86275 | Hell     | Found a gateway to the freezing wastes of Cocytus.
 86385 | Dis:1    | Entered Level 1 of the Iron City of Dis
 86392 | Dis:1    | Noticed a dread lich
 86400 | Dis:1    | Killed a dread lich
 87681 | Dis:7    | Entered Level 7 of the Iron City of Dis
 88419 | Dis:7    | Noticed a juggernaut
 88420 | Dis:7    | Noticed a juggernaut
 88427 | Dis:7    | Killed a juggernaut
 88435 | Dis:7    | Killed a juggernaut
 89084 | Dis:7    | Noticed a juggernaut
 89092 | Dis:7    | Killed a juggernaut
 89150 | Dis:7    | Noticed the Serpent of Hell
 89203 | Dis:7    | Killed the Serpent of Hell
 89405 | Dis:7    | Noticed Dispater
 89420 | Dis:7    | Killed Dispater
 89462 | Dis:7    | Got an iron rune of Zot
 89467 | Dis:7    | Identified the amulet "Appuhes" {RegenMP Harm rF+++ Slay+5}
 89581 | Dis:7    | Identified the +12 great sword of Spontaneous Combustion
                  | {flame, rCorr Stlth+}
 90305 | Geh:1    | Entered Level 1 of Gehenna
 92373 | Geh:7    | Entered Level 7 of Gehenna
 92839 | Geh:7    | Found the +27 heavy crossbow "Sniper" {heavy, Acc+∞ SInv}
 93344 | Geh:7    | Identified the +7 short sword "Dejafidorph" {freeze, rC+}
 93493 | Geh:7    | Found the +13 sceptre of Asmodeus
 93493 | Geh:7    | Noticed Asmodeus
 93515 | Geh:7    | Killed Asmodeus
 93561 | Geh:7    | Got an obsidian rune of Zot
 94524 | Coc:1    | Entered Level 1 of Cocytus
 94638 | Coc:3    | Paralysed by a wendigo for 1 turns
 95680 | Coc:6    | Reached skill level 27 in Fighting
 96032 | Coc:6    | Reached skill level 27 in Unarmed Combat
 96051 | Coc:7    | Entered Level 7 of Cocytus
 96076 | Coc:7    | Reached skill level 27 in Dodging
 96090 | Coc:7    | Noticed Antaeus
 96115 | Coc:7    | Killed Antaeus
 96136 | Coc:7    | Got an icy rune of Zot
 96245 | Coc:7    | Paralysed by a wendigo for 1 turns
 96574 | Coc:7    | Acquired a +4 ring of slaying
 97614 | Elf:2    | Bought the ring of Qies {rF++ rN+} for 667 gold pieces
 97924 | Tar:1    | Entered Level 1 of Tartarus
 98363 | Tar:5    | Noticed a dread lich
 98363 | Tar:5    | Noticed an ancient lich
 98539 | Tar:5    | Noticed an ancient lich
 98539 | Tar:5    | Noticed a dread lich
 98539 | Tar:5    | Noticed an ancient lich
 98540 | Tar:5    | Killed an ancient lich
 98542 | Tar:5    | Noticed a dread lich
 98544 | Tar:5    | Noticed an ancient lich
 98544 | Tar:5    | Killed an ancient lich
 98545 | Tar:5    | Killed a dread lich
 98552 | Tar:5    | Killed an ancient lich
 98553 | Tar:5    | Killed a dread lich
 98555 | Tar:5    | Killed a dread lich
 98556 | Tar:5    | Killed an ancient lich
 99117 | Tar:7    | Entered Level 7 of Tartarus
 99275 | Tar:7    | Learned a level 5 spell: Yara's Violent Unravelling
 99282 | Tar:7    | Learned a level 6 spell: Dispersal
 99530 | Tar:7    | Found the sphere of Battle
100052 | Tar:7    | Reached skill level 10 in Spellcasting
100062 | Tar:7    | Identified the +7 battleaxe "Upli" {heavy, rElec rPois rF+
                  | Int+3}
100829 | Tar:7    | Reached skill level 15 in Evocations
101298 | Tar:7    | Noticed Ereshkigal
101314 | Tar:7    | Killed Ereshkigal
101348 | Tar:7    | Found the +7 great mace "Firestarter" {flame, immolate,
                  | rFlCloud rF++}
101352 | Tar:7    | Identified the ring of Soengaeg {*Corrode Fly MP+9 Str+6}
101358 | Tar:7    | Got a bone rune of Zot
101794 | Zot:1    | Entered Level 1 of the Realm of Zot
102299 | Zot:1    | Noticed an orb of fire
102305 | Zot:1    | Killed an orb of fire
102473 | Zot:1    | Noticed a dread lich
102485 | Zot:1    | Killed a dread lich
103505 | Zot:2    | Noticed an orb of fire
103513 | Zot:2    | Killed an orb of fire
105226 | Zot:2    | Noticed an ancient lich
105231 | Zot:2    | Killed an ancient lich
106442 | Zot:3    | Identified the ring of Aleunuf {rC+ rN+ Dex+6 Stlth-}
107172 | Zot:4    | Noticed an orb of fire
107174 | Zot:4    | Gained mutation: You are occasionally teleported next to
                  | monsters. [an orb of fire]
107179 | Zot:4    | Killed an orb of fire
107206 | Zot:4    | Noticed an orb of fire
107223 | Zot:4    | Killed an orb of fire
107412 | Zot:4    | Noticed Grunn
107424 | Zot:4    | Killed Grunn
107577 | Zot:4    | Found a transporter.
107578 | Zot:4    | Found a transporter.
107581 | Zot:4    | Found a transporter.
107681 | Zot:4    | Found a transporter.
108065 | Zot:5    | Entered Level 5 of the Realm of Zot
108078 | Zot:5    | Noticed an orb of fire
108088 | Zot:5    | Killed an orb of fire
108101 | Zot:5    | Noticed an orb of fire
108104 | Zot:5    | Noticed an orb of fire
108110 | Zot:5    | Gained mutation: You occasionally lose the ability to drink
                  | potions when taking damage. [an orb of fire]
108119 | Zot:5    | Gained mutation: You sometimes lose the ability to drink
                  | potions when taking damage. [an orb of fire]
108120 | Zot:5    | Killed an orb of fire
108126 | Zot:5    | Killed an orb of fire
108366 | Zot:5    | Found a huge runed gate.
108366 | Zot:5    | Found a huge runed gate.
108367 | Zot:5    | Found a huge runed gate.
108367 | Zot:5    | Found a huge runed gate.
108367 | Zot:5    | Found a huge runed gate.
108367 | Zot:5    | Found a huge runed gate.
108368 | Zot:5    | Found a huge runed gate.
108369 | Zot:5    | Found a huge runed gate.
108370 | Zot:5    | Found a huge runed gate.
108371 | Zot:5    | Found a huge runed gate.
108372 | Zot:5    | Found a huge runed gate.
108373 | Zot:5    | Found a huge runed gate.
108374 | Zot:5    | Found a huge runed gate.
108382 | Zot:5    | Found a huge runed gate.
108382 | Zot:5    | Found a huge runed gate.
108382 | Zot:5    | Found a huge runed gate.
108382 | Zot:5    | Found a huge runed gate.
108383 | Zot:5    | Found a huge runed gate.
108384 | Zot:5    | Found a huge runed gate.
108385 | Zot:5    | Found a huge runed gate.
108386 | Zot:5    | Found a huge runed gate.
108387 | Zot:5    | Found a huge runed gate.
108402 | Zot:5    | Found a huge runed gate.
108403 | Zot:5    | Found a huge runed gate.
108404 | Zot:5    | Found a huge runed gate.
108405 | Zot:5    | Found a huge runed gate.
108406 | Zot:5    | Found a huge runed gate.
108407 | Zot:5    | Found a huge runed gate.
108606 | Zot:5    | Found a huge runed gate.
108606 | Zot:5    | Found a huge runed gate.
108606 | Zot:5    | Found a huge runed gate.
108606 | Zot:5    | Found a huge runed gate.
108606 | Zot:5    | Found a huge runed gate.
108606 | Zot:5    | Found a huge runed gate.
108607 | Zot:5    | Found a huge runed gate.
108608 | Zot:5    | Found a huge runed gate.
108687 | Zot:5    | Noticed a dread lich
108687 | Zot:5    | Noticed an orb of fire
108693 | Zot:5    | Killed a dread lich
108722 | Zot:5    | Killed an orb of fire
109981 | Tomb:1   | Entered Level 1 of the Tomb of the Ancients
110098 | Tomb:1   | Noticed a royal mummy
110102 | Tomb:1   | Killed a royal mummy
110233 | Tomb:2   | Noticed a royal mummy
110233 | Tomb:2   | Noticed a royal mummy
110233 | Tomb:2   | Noticed a royal mummy
110234 | Tomb:2   | Noticed a royal mummy
110239 | Tomb:2   | Noticed a royal mummy
110555 | Tomb:3   | Entered Level 3 of the Tomb of the Ancients
110569 | Tomb:3   | Found the +11 Singing Sword {sonic wave}
110569 | Tomb:3   | Found the ring of the Tortoise {AC+8}
110594 | Tomb:3   | Noticed a royal mummy
110596 | Tomb:3   | Noticed a royal mummy
110607 | Tomb:3   | Noticed a royal mummy
110608 | Tomb:3   | Found the brooch of Shielding {Spirit SH+8}
110608 | Tomb:3   | Noticed a royal mummy
110609 | Tomb:3   | Noticed a royal mummy
110637 | Tomb:3   | Reached skill level 27 in Shields
110649 | Tomb:3   | Killed a royal mummy
110652 | Tomb:3   | Killed a royal mummy
110674 | Tomb:3   | Noticed a royal mummy
110681 | Tomb:3   | Noticed a royal mummy
110684 | Tomb:3   | Killed a royal mummy
110717 | Tomb:3   | Killed a royal mummy
110717 | Tomb:3   | Noticed a royal mummy
110728 | Tomb:3   | Noticed a royal mummy
110951 | Tomb:3   | Killed a royal mummy
110954 | Tomb:3   | Killed a royal mummy
110958 | Tomb:3   | Killed a royal mummy
110960 | Tomb:3   | Killed a royal mummy
110965 | Tomb:3   | Reached skill level 15 in Stealth
110983 | Tomb:3   | Gained mutation: You sometimes lose the ability to read
                  | scrolls when taking damage. [mutagenic glow]
110994 | Tomb:3   | Killed a royal mummy
110999 | Tomb:3   | Gained mutation: Your spells are much easier to cast, but
                  | much less powerful. [mutagenic glow]
111232 | Tomb:3   | Identified the staff "Sucw" {rC+ Str-5 Int+2 Ice Earth}
111313 | Tomb:3   | Identified the +5 mace of the Extremes {heavy, rElec rC+
                  | Str+3}
111315 | Tomb:3   | Identified the amulet of Guec {Will++ Regen+}
111354 | Tomb:3   | Identified the +5 battleaxe "Xoadyuv" {flame, Fly rF+}
111356 | Tomb:3   | Identified the ring of Lenucifa {rPois rF+ rC- rCorr Int+7}
111503 | Tomb:3   | Got a golden rune of Zot
111574 | Tomb:3   | Identified the +7 lajatang "Ficute" {flame, rPois}
112096 | Pan      | Entered Pandemonium
112397 | Pan      | Noticed Valola the pandemonium lord
112410 | Pan      | Killed Valola the pandemonium lord
112690 | Pan      | Entered the realm of Cerebov.
112953 | Pan      | Identified the +7 battleaxe of Causality {pain, Fragile
                  | rPois MP+9}
112977 | Pan      | Found the +6 sword of Cerebov {flame}
112977 | Pan      | Noticed Cerebov
113000 | Pan      | Killed Cerebov
113235 | Pan      | Identified the amulet of Insomnia {Acrobat *Corrode rF+++}
113335 | Pan      | Got a fiery rune of Zot
113352 | Pan      | Got the Catalogue of the Bonfire and the Crypt
113360 | Pan      | Identified the +7 halberd "Juqack" {flame, Str+5 Int+2}
113914 | Pan      | Entered the realm of Lom Lobon.
113914 | Pan      | Found an exit through the horrors of the Abyss.
114150 | Pan      | Noticed Lom Lobon
114172 | Pan      | Killed Lom Lobon
114181 | Pan      | Got a magical rune of Zot
114406 | Pan      | Noticed Ruef Pe Zepn the pandemonium lord
114479 | Pan      | Noticed Ignacio
114484 | Pan      | Killed Ignacio
114612 | Pan      | Found an exit through the horrors of the Abyss.
114704 | Pan      | Gained mutation: You are frail. (-10% HP) [a cacodemon]
114805 | Pan      | Noticed Doucul the pandemonium lord
114813 | Pan      | Killed Doucul the pandemonium lord
115105 | Pan      | Reached skill level 27 in Stealth
115222 | Pan      | Identified the +20 crystal plate armour of Abstinence {rC+}
115556 | Pan      | Entered the realm of Gloorx Vloq.
115653 | Pan      | Noticed Gloorx Vloq
115657 | Pan      | Killed Gloorx Vloq
115690 | Pan      | Got a dark rune of Zot
115777 | Pan      | Found an exit through the horrors of the Abyss.
115793 | Pan      | Took an exit into the Abyss.
115793 | Abyss:4  | Escaped into the Abyss
115802 | Depths:2 | Escaped the Abyss
115900 | Zig:1    | Entered Level 1 of a ziggurat
115927 | Zig:2    | Entered Level 2 of a ziggurat
115955 | Zig:3    | Entered Level 3 of a ziggurat
115994 | Zig:4    | Entered Level 4 of a ziggurat
115997 | Zig:4    | Found the +3 salamander hide armour {Flames, rFlCloud rF++
                  | rC--}
116034 | Zig:5    | Entered Level 5 of a ziggurat
116035 | Zig:5    | Noticed a juggernaut
116046 | Zig:5    | Killed a juggernaut
116052 | Zig:5    | Identified the +0 scale mail of the Serpent {rN+ Slay+2}
116062 | Zig:5    | Identified the amulet "Eruohaigh" {Rampage rElec Will+
                  | Regen+}
116086 | Zig:6    | Entered Level 6 of a ziggurat
116141 | Zig:6    | Identified the +3 great sword of the Genius {flame, *Slow
                  | rElec Str+5 Stlth+}
116161 | Zig:7    | Entered Level 7 of a ziggurat
116273 | Zig:8    | Entered Level 8 of a ziggurat
116334 | Zig:8    | Identified the +5 short sword of God Zuecs {heavy, Int+3}
116357 | Zig:9    | Entered Level 9 of a ziggurat
116457 | Zig:9    | Identified the +6 long sword of Noon {freeze, Int+3 Dex+3
                  | SInv}
116466 | Zig:10   | Entered Level 10 of a ziggurat
116471 | Zig:10   | Noticed Vuzaun the pandemonium lord
116476 | Zig:10   | Killed Vuzaun the pandemonium lord
116495 | Zig:10   | Found the +7 great mace "Undeadhunter" {deathbane, rN+}
116537 | Zig:10   | Identified the ring of Lapnon {Wiz rC+ Str-3 Int+2}
116543 | Zig:10   | Identified the scarf of Salvation {repulsion, rC- Int+2
                  | SInv}
116664 | Pan      | Entered Pandemonium
116669 | Pan      | Found an exit through the horrors of the Abyss.
116953 | Pan      | Noticed Xanae the pandemonium lord
116966 | Pan      | Killed Xanae the pandemonium lord
117036 | Pan      | Got Sif Muna's Compilation of Malevolent Acts and
                  | Malediction
117929 | Pan      | Noticed Noseduq the pandemonium lord
117929 | Pan      | Gained mutation: Your body sometimes deteriorates upon
                  | taking damage. [a neqoxec]
117930 | Pan      | Gained mutation: You are often teleported next to monsters.
                  | [a neqoxec]
117939 | Pan      | Killed Noseduq the pandemonium lord
118832 | Pan      | Gained mutation: You are dopey. (Int -2) [a neqoxec]
118959 | Pan      | Found an exit through the horrors of the Abyss.
119018 | Pan      | Noticed Enec the pandemonium lord
119026 | Pan      | Killed Enec the pandemonium lord
119736 | Pan      | Reached skill level 27 in Shapeshifting
119796 | Pan      | Noticed Kotathy the pandemonium lord
119802 | Pan      | Killed Kotathy the pandemonium lord
120661 | Pan      | Noticed Buossu Byosm the pandemonium lord
120735 | Pan      | Killed Buossu Byosm the pandemonium lord
121203 | Depths:4 | Escaped Pandemonium
122164 | Zot:5    | Got the Orb of Zot
122215 | Zot:5    | Noticed Beotoufu the pandemonium lord
122947 | D:$      | Escaped with the Orb!

Illustrated notes

Levels and vault maps discovered:
D:1:      spicycebolla_arrival_xxxplode, layout_basic
D:2:      layout_loops_corners
D:3:      layout_loops_ring, general_overflow_altar,
          mainiacjoe_overflow_brackets, gup_sewer_entry_bowl,
          mrwooster_statue_mirror, nicolae_titane
D:4:      layout_basic, mainiacjoe_overflow_paths,
          pdpol_wu_jian_five_deadly_venoms, minmay_temple_entry_trees,
          roderic_lattice_a
D:5:      layout_loops_cross, marbit_many_paths,
          nicolae_ru_the_path_less_chosen, serial_shops, shop,
          ebering_ghost_inner_flame, minmay_splitting_lines
D:6:      layout_loops_ring, nicolae_dithmenos_the_darkroom, uniq_eustachio
D:7:      layout_basic, hellmonk_guarded_unrand_lears
D:8:      minmay_the_grid_octo_tiled_octocenter
          [minmay_the_grid_octo_thin_diamonds,
          minmay_the_grid_octo_vomiting_pacman, minmay_the_grid_octo_toaster,
          minmay_the_grid_octo_tetromino_candy,
          minmay_the_grid_octo_prize_single_spiral,
          minmay_the_grid_square_5x5_corner,
          minmay_the_grid_square_5x5_six_small, minmay_the_grid_square_5x5_meh,
          minmay_the_grid_square_5x5_tetrominoes], layout_loops_corners,
          nicolae_yredelemnul_corpse_copse, mainiacjoe_overflow_24_doors,
          uniq_maurice, uniq_maggie, uniq_pikel, uniq_joseph
D:9:      layout_rooms, mainiacjoe_overflow_concentric_impassable
D:10:     minmay_separated_statues, layout_rooms, nemelex_spade_bored_becter,
          fedhas_altar_2, nicolae_qazlal_general_emergency, serial_shops, shop,
          uniq_lodul
D:11:     lemuel_reptile_caves, layout_loops_ring, david_orc_1_choice,
          lightli_fourway_metalbox, uniq_nergalle
D:12:     layout_irregular_city
D:13:     kennysheep_four_of_diamonds, layout_basic
D:14:     layout_loops_cross, grunt_vaults_entry_tiered,
          maelrawn_ghost_gauntlet_escape, uniq_agnes
D:15:     grunt_enter_depths_snipers, layout_rooms, gammafunk_ghost_cemetery,
          interstate_on_off, moated_statue, nicolae_tso_swordbearing_angel,
          uniq_josephine
Temple:   nicolae_temple_cloud_nine
Lair:1:   layout_cave_shapes, ebering_ghost_rock_garden, serial_bayou_pond_b
Lair:2:   layout_long_grid, minmay_shoals_entry_lonely_mermaid, special_room
          [special_room_bee]
Lair:3:   layout_hall_layers, guppyfry_snake_entry_island,
          grunt_forest_large_clearings, serial_bayou_shore_b
Lair:4:   layout_roguey [special_room_mythical_zoo], slime_entry_1,
          infiniplex_staircase_pool
Lair:5:   minmay_lair_end_frog_pond, layout_layer_cave, minivault_25,
          nicolae_lair_lil_pond, grunt_forest_small_clearing_treed
Shoals:1: cheibrodos_shoals_roost, layout_shoals, nicolae_alphabet_shops,
          nicolae_shoals_siren_and_animal_friends
Shoals:2: layout_shoals, nicolae_shoals_water_booths, uniq_ilsuiw,
          uniq_mlioglotl, uniq_nikola, uniq_polyphemus
Shoals:3: layout_shoals, nicolae_shoals_aquamancer_cove, uniq_kirke, uniq_mara
Shoals:4: shoals_end_simple, layout_shoals, nicolae_shop_clearance
Snake:1:  layout_honeycomb, serial_shops, nicolae_shop_getting_attention,
          grunt_megastairs_5
Snake:2:  layout_cave_town, minmay_shoptagon, serial_bayou_shore_a,
          grunt_megastairs_1
Snake:3:  layout_misc_corridors, uniq_vashnia
Snake:4:  minmay_snake_end_coiled, layout_basic, grunt_ministairs_11
Slime:1:  layout_caves, cheibrodos_slime_lost_civilization_6
Slime:2:  layout_caves
Slime:3:  layout_caves
Slime:4:  layout_caves, uniq_dissolution
Slime:5:  slime_pit_nicolae_jellycorners
Orc:1:    layout_caves
Orc:2:    st_orc_mages, layout_diamond_mine, basic_altar,
          chequers_guarded_unrand_ignorance, uniq_nessos, uniq_jorgrun
Elf:1:    eino_elf_arrival_shootout, layout_loops_corners, serial_sigils,
          serial_sigils_hangedman_scar, serial_sigils_hangedman_writhe,
          serial_sigils_hangedman_shear, serial_sigils_hangedman_leer,
          serial_sigils_hangedman_scratch, serial_sigils_hangedman_snap,
          serial_shops, shop, orc_legates
Elf:2:    nicolae_elf_blades_splatter_lattice [nicolae_blade_bullseye],
          layout_geoelf_grid, portal_ice_cave_entry_pillars_2, serial_shops,
          shop, nicolae_shop_hallway_plus, shop, shop, minivault_20,
          elves_outpost_lemuel, minmay_shop_grove, uniq_azrael
Elf:3:    elf_hall, layout_geoelf_castle, dreamdust_princess_corridor,
          columned_hall_lemuel, uniq_roxanne
Vaults:1: hangedman_vaults_slice, v_pattern_2, nicolae_vaults_storage_closets_3,
          st_hourglassy, nicolae_vaults_network_s,
          nicolae_vaults_mini_display_case, grunt_vaults_hallway_short,
          layout_vaults_ring, serial_shops, nicolae_shop_real_fake_doors
Vaults:2: mu_enter_wizlab_2, v_misc_19, nicolae_vaults_network_periphery,
          minmay_crypt_entry_simple_plaza, vaults_mumra_minichess_inversion,
          nicolae_vaults_network_square, v_rooms_3, hangedman_vaults_trim,
          grunt_vaults_hallway_short, v_misc_9, nicolae_vaults_angled_halls,
          nicolae_vaults_trapezoid_1, nicolae_vaults_apartment_1,
          ontoclasm_vaults_decontamination, layout_vaults_omnibox, serial_shops,
          shop, uniq_asterion
Vaults:3: nicolae_vaults_heist, nicolae_vaults_tetromino_T_1,
          nicolae_vaults_trapezoid_lopsided_4, ontoclasm_vaults_claustrophobia,
          vaults_room_grid, nicolae_vaults_house_1, nicolae_vaults_wine_cellar,
          v_misc_14, dpeg_vaults_monster_row, vaults_room_corners,
          vaults_mumra_bighexcomb, v_misc_18, vaults_mumra_hex,
          layout_vaults_maze_bifur, serial_shops, shop, uniq_boris
Vaults:4: v_misc_33, st_cells, hangedman_vaults_trim, v_misc_9,
          hangedman_vaults_impose, nicolae_vaults_storage_room_glass,
          layout_vaults_omnigrid
Vaults:5
Crypt:1:  layout_chaotic_city
Crypt:2:  gammafunk_sealed_arena, layout_regular_city, grunt_ministairs_12,
          amcnicky_mini_corridor_feature, minivault_27,
          hangedman_crypt_dual_shrines
Crypt:3:  lightli_unholy_cathedral, layout_chaotic_city, uniq_josephina
Tomb:1
Tomb:2
Tomb:3
Depths:1: layout_cave_shapes, hellmouth_1, minmay_misc_feat_rugged, drop_trap,
          hangedman_eye_storm
Depths:2: hangedman_cross_stitches, layout_basic, grunt_hell_entry_dis_mu,
          pan_entry, hangedman_abyss_entry_splay, kennysheep_another_room,
          minmay_misc_feat_hallway, minmay_misc_feat_ornament
Depths:3: minmay_concentric_multi, layout_cave_shapes, abyss_entry, hell_entry,
          firewood_loft, uniq_jory, uniq_parghit, uniq_norris
Depths:4: evilmike_zot_entry_argh, layout_cave_shapes, enter_ziggurat_a,
          pan_entry, minmay_fountain_box, hell_entry
Hell
Dis:1:    layout_overlapping_boxes
Dis:2:    layout_gridville
Dis:3:    layout_jigsaw
Dis:4:    layout_regular_city
Dis:5:    layout_jigsaw
Dis:6:    layout_gridville
Dis:7:    dis_grunt_layers
Geh:1:    layout_gehenna_lava_caves
Geh:2:    layout_gehenna_pools_triple, evilmike_ambush
          [evilmike_ambush_outer_basic, evilmike_ambush_inner_basic]
Geh:3:    layout_gehenna_pools_basic
Geh:4:    layout_gehenna_pools_basic
Geh:5:    nicolae_geh_split_lavaduct, layout_gehenna_lava_caves
Geh:6:    layout_gehenna_lava_caves, nicolae_geh_lava_lounge
Geh:7:    geh_hangedman
Coc:1:    layout_cocytus_delve
Coc:2:    layout_cocytus_water_paths
Coc:3:    layout_cocytus_water_paths
Coc:4:    layout_ice_bergs
Coc:5:    layout_ice_bergs
Coc:6:    layout_ice_bergs
Coc:7:    coc_dpeg
Tar:1:    layout_grid_maze, nicolae_tar_cuneiform_to_be
Tar:2:    layout_grid_maze
Tar:3:    layout_grid_maze, grunt_tartarus_stairs_gauntlet_trap
Tar:4:    layout_cathedral_of_symmetry, nicolae_tar_cuneiform_water
Tar:5:    layout_cathedral_of_symmetry, nicolae_hells_leichenhalle
Tar:6:    layout_catacombs, nicolae_tar_grid_combs
Tar:7:    tar_minmay_river
Zot:1:    grunt_deathspiral_small, layout_concentric_octagons
Zot:2:    lemuel_draconian_sentries, layout_basic, lemuel_lich_library
Zot:3:    lemuel_acid_trip, layout_onion
Zot:4:    grunt_zot_stairs_mandelzot, layout_misc_corridors,
          nicolae_diode_quadrants, grunt_megastairs_3, uniq_grunn
Zot:5:    layout_basic, door_vault

Skill      XL: |  1  2  3  4  5  6  7  8  9 10 11 12 13 14 15 16 17 18 19 20 21 22 23 24 25 26 27 |
---------------+----------------------------------------------------------------------------------+-----
Fighting       | 2 3 4 5 6 7 8 10 12 13 14 15 16 17 18 19 20 27 | 27.0
Dodging        | 3 4 5 6 7 8 10 12 13 14 15 16 17 18 19 20 27 | 27.0
Unarmed Combat | 4 5 6 8 9 11 12 13 14 15 16 17 18 19 20 27 | 27.0
Stealth        | 1 2 4 6 8 9 10 27 | 27.0
Shapeshifting  | 4 5 6 7 10 13 15 16 17 27 | 27.0
Shields        | 4 7 9 11 13 15 17 18 27 | 27.0
Translocations | 3 8 10 12 13 14 | 14.0
Spellcasting   | 2 5 7 8 11 | 11.7
Transmutations | 8 |  8.0
Evocations     | 24 | 24.0
Air Magic      | 5 |  5.0

Action                     |  1- 3 |  4- 6 |  7- 9 | 10-12 | 13-15 | 16-18 | 19-21 | 22-24 | 25-27 || total
---------------------------+-------+-------+-------+-------+-------+-------+-------+-------+-------++-------
  Melee: Unarmed           |    54 |    49 |   208 |   371 |   942 |   974 |  1000 |   763 |  6617 || 10978
         Constrict         |    14 |    12 |    56 |    88 |   124 |   126 |   149 |   112 |   995 ||  1676
         Tentacles         |     8 |     7 |    49 |   174 |   247 |   269 |   330 |   243 |  1963 ||  3290
         Punch             |     1 |       |     6 |    50 |    91 |   129 |   184 |   129 |  1481 ||  2071
         Dagger            |       |       |       |   186 |       |       |       |       |       ||   186
         Kick              |       |       |       |       |       |       |       |       |   632 ||   632
   Fire: Arbalest          |       |       |       |       |     5 |       |       |       |       ||     5
         Longbow           |       |       |       |       |     1 |       |       |       |       ||     1
  Throw: Boomerang         |     3 |    16 |    50 |       |       |       |     2 |       |       ||    71
         Dart              |       |       |    11 |    26 |       |       |       |       |       ||    37
   Cast: Manifold Assault  |       |       |       |       |       |       |       |    33 |   257 ||   290
         Blink             |       |       |       |       |       |       |       |       |     4 ||     4
         Vhi's Electric Ch |       |       |       |       |       |       |       |       |   473 ||   473
         Apportation       |       |       |       |       |       |       |       |       |     1 ||     1
         Wereblood         |       |       |       |       |       |       |       |       |     1 ||     1
         Lesser Beckoning  |       |       |       |       |       |       |       |       |     1 ||     1
 Invoke: Call Merchant     |       |       |       |     1 |     2 |     1 |     1 |       |     7 ||    12
         Potion Petition   |       |       |       |       |       |       |       |       |    36 ||    36
  Evoke: Wand              |       |       |     3 |     5 |     9 |     4 |     1 |     1 |    27 ||    50
         Phantom mirror    |       |       |       |       |     1 |     2 |       |       |       ||     3
    Use: Scroll            |     5 |     8 |     4 |     5 |     6 |     4 |     5 |     2 |    23 ||    62
         Potion            |       |       |     8 |     6 |     5 |       |       |     3 |    43 ||    65
   Stab: Sleeping          |     7 |     3 |     7 |     9 |    36 |    22 |    34 |     8 |    39 ||   165
         Distracted        |       |       |       |     5 |     5 |    11 |    18 |     9 |   218 ||   266
         Fleeing           |       |       |       |     1 |       |       |       |       |       ||     1
         Petrified         |       |       |       |       |       |     2 |       |       |       ||     2
         Invisible         |       |       |       |       |       |       |       |       |    15 ||    15
         Confused          |       |       |       |       |       |       |       |       |     1 ||     1
 Armour: Skin              |     5 |     4 |    31 |   227 |   642 |   228 |   140 |   123 |   581 ||  1981
  Dodge: Dodged            |    31 |    26 |   107 |   702 |  1179 |  1924 |  1005 |   981 |  5271 || 11226
  Block: Buckler           |       |       |       |       |       |   425 |       |       |       ||   425
         Kite shield       |       |       |       |       |       |   204 |   948 |   855 |  4812 ||  6819
         Tower shield      |       |       |       |       |       |       |       |       |  2240 ||  2240
   Form: Statue            |       |       |       |     1 |       |       |       |       |     1 ||     2
         Storm             |       |       |       |       |       |       |       |       |     2 ||     2

Table legend: (Time is in decaauts)
 A = Elapsed time spent in this place.
 B = Non-inter-level travel time spent in this place.
 C = Inter-level travel time spent in this place.
 D = Time resting spent in this place.
 E = Time spent auto-exploring this place.
 F = Levels seen in this place.
 G = Mean time per level.
                   A        B        C        D        E       F      G
               +--------+--------+--------+--------+--------+-----+--------+
         Total | 170028 | 153677 |  16351 |  22842 |  89901 | 133 | 1278.4 |
       Dungeon |  32576 |  26879 |   5697 |   6626 |  14903 |  15 | 2171.7 |
        Temple |     16 |     11 |      5 |      0 |      0 |   1 |   16.0 |
          Lair |  11278 |   9962 |   1316 |    823 |   7210 |   5 | 2255.6 |
        Shoals |   8151 |   7835 |    316 |   1587 |   4689 |   4 | 2037.8 |
     Snake Pit |   8500 |   8045 |    455 |    300 |   6022 |   4 | 2125.0 |
    Slime Pits |   2823 |   2718 |    105 |    398 |   1311 |   5 |  564.6 |
  Orcish Mines |   4593 |   3560 |   1033 |   1034 |   1749 |   2 | 2296.5 |
   Elven Halls |   8813 |   7142 |   1671 |    813 |   4561 |   3 | 2937.7 |
        Vaults |  13532 |  11798 |   1734 |    711 |   8857 |   5 | 2706.4 |
         Crypt |   6385 |   5829 |    556 |    840 |   3879 |   3 | 2128.3 |
          Tomb |   2501 |   2446 |     55 |    805 |   1006 |   3 |  833.7 |
        Depths |   9872 |   8402 |   1470 |    460 |   6585 |   4 | 2468.0 |
          Hell |   1454 |   1186 |    268 |      0 |    718 |   1 | 1454.0 |
           Dis |   4468 |   4302 |    166 |   2087 |    576 |   7 |  638.3 |
       Gehenna |   5990 |   5949 |     41 |   2230 |   2376 |   7 |  855.7 |
       Cocytus |   3952 |   3930 |     22 |   1323 |   1309 |   7 |  564.6 |
      Tartarus |   5455 |   5256 |    199 |    331 |   3864 |   7 |  779.3 |
           Zot |  11999 |  10762 |   1237 |   1426 |   7242 |   5 | 2399.8 |
         Abyss |   3846 |   3846 |      0 |    199 |    556 |   6 |  641.0 |
   Pandemonium |  20644 |  20644 |      0 |    606 |  11497 |  26 |  794.0 |
      Ziggurat |    862 |    862 |      0 |      0 |      0 |  10 |   86.2 |
         Sewer |    168 |    168 |      0 |      0 |    106 |   1 |  168.0 |
      Ice Cave |    776 |    776 |      0 |      0 |    429 |   1 |  776.0 |
        Wizlab |   1366 |   1366 |      0 |    238 |    451 |   1 | 1366.0 |
               +--------+--------+--------+--------+--------+-----+--------+

Top non-repeatable levels by time:
   Tar:7: 3729 daAuts
     D:8: 3692 daAuts
    D:14: 3565 daAuts
Vaults:2: 3291 daAuts
   Zot:2: 3255 daAuts
    D:15: 3240 daAuts
   Elf:2: 3150 daAuts
Depths:2: 3149 daAuts
 Crypt:2: 3133 daAuts
   Geh:7: 3005 daAuts
Vaults:5: 2900 daAuts
Vaults:4: 2879 daAuts
   Elf:1: 2843 daAuts
   Elf:3: 2819 daAuts
   Dis:7: 2691 daAuts
